 Dungeon Crawl Stone Soup version 0.31.0-11-ge490571c62 (webtiles) character file.

Game seed: 14068301445787139118

14382305 bottledwater03 the Hoplite (level 27, 273/273 HPs)
             Began as a Naga Hedge Wizard on Jan 28, 2024.
             Was the Champion of Cheibriados.
             Escaped with the Orb
             ... and 15 runes on Jan 29, 2024!
             The game lasted 15:39:54 (110071 turns).

bottledwater03 the Hoplite (Naga Hedge Wizard)    Turns: 110071, Time: 15:39:55

Health: 273/273    AC: 26    Str: 28      XL:     27
Magic:  50/50      EV: 20    Int: 43 (44) God:    Cheibriados [******]
Gold:   14060      SH: 36    Dex: 27      Spells: 4/73 levels left

rFire   + + +        n - +11 broad axe "Yriuts" {vamp, rElec rF++}
rCold   + + +        l - +8 tower shield {rC+ rF+}
rNeg    + + +        Q - +3 troll leather armour
rPois   ∞            T - +2 hat {Will+}
rElec   +            G - scarf {repulsion}
rCorr   +            O - +2 pair of gloves "Bentuh" {+Blink Int+2}
SInv    +            V - +4 barding
Will    +++++        I - amulet "Hig For" {Faith rC+ rN+ Will+ Stlth+}
Stlth   ++++         A - ring "Fupir" {+Blink rF+ rC+ rN+ rCorr}
HPRegen 1.45/turn    m - ring of the Mage {Wiz Archmagi}
MPRegen 0.32/turn

%: repel missiles, faith, wizardry (x1), archmagi
@: death-form, studying 2 skills, very slow
A: vile attack, torment immunity, no potions, AC +9, large, see invisible,
deformed body, poison resistance, slowness 2, spit poison 1, naga tail 2
0: Orb of Zot
}: 15/15 runes: barnacled, slimy, silver, golden, iron, obsidian, icy, bone,
abyssal, demonic, glowing, magical, fiery, dark, gossamer
a: Spit Poison, Siphon Essence, Begin Untransformation, Renounce Religion, Evoke
Blink, Bend Time, Temporal Distortion, Slouch, Step From Time


You escaped.
You worshipped Cheibriados.
Cheibriados was exalted by your worship.
You were an undying horror.
You visited 18 branches of the dungeon, and saw 88 of its levels.
You visited Pandemonium 1 time, and saw 19 of its levels.
You visited the Abyss 1 time.
You visited 1 bazaar.
You visited 2 ziggurats, and saw 24 of their levels (deepest: 12).
You also visited: Trove, Gauntlet and Wizlab.

You collected 19461 gold pieces.
You spent 5401 gold pieces at shops.

Inventory:

Hand Weapons
 a - the +6 hand cannon "Lusaolid" {penet, Str+2}
   (You found it in a treasure trove)

   Str+2:     It affects your strength (+2).
 n - the +11 broad axe "Yriuts" (weapon) {vamp, rElec rF++}
   (You found it on level 3 of the Elven Halls)

   rF++:      It greatly protects you from fire.
   rElec:     It insulates you from electricity.
 s - the +10 morningstar "Eos" {elec, Halo rElec}
   (You found it on level 12 of a ziggurat)

   Halo:      It grants its wielder a halo, revealing invisible creatures and
   increasing accuracy against all within it other than the wielder.
   rElec:     It insulates you from electricity.
 w - a +9 heavy eveningstar
 F - a +1 sacred scourge of holy wrath
 P - the +10 demon whip of Delicate Watchfulness {antimagic, rN+}
   (You took it off a vampire mage in a wizard's laboratory)

   rN+:       It protects you from negative energy.
Missiles
 S - 37 silver javelins
 X - 18 javelins (quivered)
Armour
 g - the +13 plate armour of Ongian {rF- rN++ SInv}
   (You found it on level 5 of the Pits of Slime)

   rF-:       It makes you vulnerable to fire.
   rN++:      It greatly protects you from negative energy.
   SInv:      It lets you see invisible.
 i - a +5 kite shield of reflection
 l - a +8 tower shield of resistance (worn)
 v - a +2 robe of resistance
 E - the +3 buckler of Vehumet's Whim {rElec Will+}
   (You found it on level 3 of the Tomb of the Ancients)

   rElec:     It insulates you from electricity.
   Will+:     It increases your willpower.
 G - a scarf of repulsion (worn)
 O - the +2 pair of gloves "Bentuh" (worn) {+Blink Int+2}
   (You found it on level 3 of the Realm of Zot)

   Int+2:     It affects your intelligence (+2).
   +Blink:    It lets you blink.
 Q - a +3 troll leather armour (worn)
 T - a +2 hat of willpower (worn)
 V - a +4 barding (worn)
Magical Staves
 d - the staff "Waorel" {rF+ Dex+3 Fire Earth}
   (You found it on level 7 of Tartarus)

   [staff of fire]

   Base accuracy: +5 Base damage: 5 Base attack delay: 1.2 This weapon's minimum
   attack delay (0.6) is reached at skill level 12.
   Dex+3:     It affects your dexterity (+3).
   rF+:       It protects you from fire.
   Fire:      It increases the power of your Fire spells.
   Earth:     It increases the power of your Earth spells.
   It falls into the 'Staves' category.
   It is a one-handed weapon.
 e - the staff of Kuwnouz {rElec rC+ Str+3 Air}
   (You found it on level 5 of the Pits of Slime)

   [staff of air]

   Base accuracy: +5 Base damage: 5 Base attack delay: 1.2 This weapon's minimum
   attack delay (0.6) is reached at skill level 12.
   Str+3:     It affects your strength (+3).
   rC+:       It protects you from cold.
   rElec:     It insulates you from electricity.
   Air:       It increases the power of your Air spells.
   It falls into the 'Staves' category.
   It is a one-handed weapon.
 j - the staff of Dishonesty {rElec rF+++ Str-3 Stlth+ Tloc Air}
   (You found it on level 5 of the Pits of Slime)

   [staff of air]

   Base accuracy: +5 Base damage: 5 Base attack delay: 1.2 This weapon's minimum
   attack delay (0.6) is reached at skill level 12.
   Str-3:     It affects your strength (-3).
   rF+++:     It renders you almost immune to fire.
   rElec:     It insulates you from electricity.
   Stlth+:    It makes you more stealthy.
   Tloc:      It increases the power of your Translocations spells.
   Air:       It increases the power of your Air spells.
   It falls into the 'Staves' category.
   It is a one-handed weapon.
 y - the staff of the Lair of Beasts {Str+4 Dex-4 Stlth+ Earth}
   (You found it on level 8 of a ziggurat)

   [staff of earth]

   Base accuracy: +5 Base damage: 5 Base attack delay: 1.2 This weapon's minimum
   attack delay (0.6) is reached at skill level 12.
   Str+4:     It affects your strength (+4).
   Dex-4:     It affects your dexterity (-4).
   Stlth+:    It makes you more stealthy.
   Earth:     It increases the power of your Earth spells.
   It falls into the 'Staves' category.
   It is a one-handed weapon.
Jewellery
 c - the ring of the Madman {rF+ rC+ Will+ MP+9 Stlth-}
   (You took it off a tengu reaver on level 5 of the Vaults)

   [ring of magical power]

   rF+:       It protects you from fire.
   rC+:       It protects you from cold.
   Will+:     It increases your willpower.
   MP+9:      It affects your magic capacity (+9).
   Stlth-:    It makes you less stealthy.
 m - the ring of the Mage (right hand) {Wiz Archmagi}
   (You bought it in a shop on level 1 of the Elven Halls)

   [ring of wizardry]

   Wiz:       It improves your spell success rate.
   Archmagi:  It increases the power of your magical spells.
 r - the ring "Toudargh" {^Drain Str+2 Int+2 Slay+2 SInv}
   (You found it in Pandemonium)

   [ring of see invisible]

   Str+2:     It affects your strength (+2).
   Int+2:     It affects your intelligence (+2).
   Slay+2:    It affects your accuracy & damage with ranged weapons and melee
   (+2).
   SInv:      It lets you see invisible.
   ^Drain:    It drains your maximum health when unequipped.
 A - the ring "Fupir" (left hand) {+Blink rF+ rC+ rN+ rCorr}
   (You found it on level 3 of the Elven Halls)

   [ring of resist corrosion]

   rF+:       It protects you from fire.
   rC+:       It protects you from cold.
   rN+:       It protects you from negative energy.
   +Blink:    It lets you blink.
   rCorr:     It protects you from acid and corrosion.
 H - an amulet of magic regeneration
 I - the amulet "Hig For" (around neck) {Faith rC+ rN+ Will+ Stlth+}
   (You found it on level 12 of a ziggurat)

   [amulet of faith]

   Faith:     It allows you to gain divine favour quickly.
   rC+:       It protects you from cold.
   rN+:       It protects you from negative energy.
   Will+:     It increases your willpower.
   Stlth+:    It makes you more stealthy.
 K - a ring of flight
 L - the ring "Dizxioh" {Ice rElec Int-4 Slay+3}
   (You found it on level 7 of Cocytus)

   [ring of ice]

   Ice:       It enhances your ice magic.
   Int-4:     It affects your intelligence (-4).
   Slay+3:    It affects your accuracy & damage with ranged weapons and melee
   (+3).
   rF-:       It makes you vulnerable to fire.
   rC+:       It protects you from cold.
   rElec:     It insulates you from electricity.
 N - an amulet of reflection
 U - the ring "Miugonur" {rElec rPois}
   (You took it off Dispater on level 7 of the Iron City of Dis)

   [ring of poison resistance]

   rElec:     It insulates you from electricity.
   rPois:     It protects you from poison
Talismans
 C - a talisman of death (active)
Wands
 t - a wand of digging (20)
Scrolls
 b - 23 scrolls of fog
 f - 19 scrolls of enchant weapon
 p - 5 scrolls of enchant armour
 u - 4 scrolls of silence
 R - 3 scrolls of revelation
 Z - 2 scrolls of teleportation
Potions
 h - 10 potions of enlightenment
 k - 14 potions of heal wounds
 o - 13 potions of curing
 q - 12 potions of magic
 x - 4 potions of cancellation
 z - 10 potions of attraction
 B - 11 potions of mutation
 D - 15 potions of brilliance
 J - 12 potions of might
 M - 23 potions of lignification
 Y - 2 potions of resistance


   Skills:
 * Level 21.2 Fighting
 * Level 18.0(18.7) Axes
 - Level 8.1(14.1) Maces & Flails
 - Level 2.0(11.9) Polearms
 - Level 2.0 Throwing
 * Level 14.3 Dodging
 * Level 26.1 Stealth
 * Level 26.4 Shields
 * Level 23.8 Spellcasting
 - Level 20.0 Conjurations
 - Level 1.0 Summonings
 - Level 4.0 Necromancy
 - Level 1.0 Translocations
 - Level 15.0 Fire Magic
 - Level 2.3 Ice Magic
 - Level 20.0 Air Magic
 - Level 20.0 Earth Magic
 - Level 4.0 Alchemy
 - Level 13.0 Invocations
 - Level 23.0 Shapeshifting


You had 4 spell levels left.
You knew the following spells:

 Your Spells              Type           Power      Damage    Failure   Level
b - Ignition              Fire           66%        3d18      2%          8
c - Mephitic Cloud        Conj/Alch/Air  100%       N/A       0%          3
d - Blink                 Tloc           100%       N/A       1%          2
e - Silence               Hex/Air        58%        N/A       1%          5
f - Orb of Destruction    Conj           73%        9d17      1%          7
g - Plasma Beam           Fire/Air       70%        2x1d87    1%          6
h - Chain Lightning       Conj/Air       73%        3d98      4%          9
i - Dispel Undead         Necr           91%        3d29      1%          4
j - Shatter               Erth           73%        3d54*     4%          9
k - Bombard               Conj/Erth      73%        9d12      0%          6
l - Freezing Cloud        Conj/Ice/Air   65%        6-21      1%          5
m - Apportation           Tloc           100%       N/A       1%          1
n - Leda's Liquefaction   Alch/Erth      62%        N/A       1%          4

Your spell library contained the following spells:

 Spells                   Type           Power      Damage    Failure   Level
 Foxfire                  Conj/Fire      100%       2x1d9     0%          1
 Kiss of Death            Conj/Necr      100%       2d13      0%          1
 Magic Dart               Conj           100%       1d8       0%          1
 Sandblast                Erth           100%       2d20      0%          1
 Shock                    Conj/Air       100%       1d9       0%          1
 Sting                    Conj/Alch      100%       1d9       0%          1
 Cigotuvi's Dreadful Rot  Necr/Alch/Air  100%       N/A       0%          2
 Mercury Vapours          Alch/Air       100%       N/A       0%          2
 Momentum Strike          Conj/Tloc      100%       3d10      0%          2
 Scorch                   Fire           100%       2d9       0%          2
 Searing Ray              Conj           100%       2d8       0%          2
 Static Discharge         Conj/Air       100%       3-8/arc   0%          2
 Dazzling Flash           Conj/Hex       100%       N/A       0%          3
 Hailstorm                Conj/Ice       100%       3d16      0%          3
 Passwall                 Erth           100%       N/A       0%          3
 Stone Arrow              Conj/Erth      100%       3d13      0%          3
 Swiftness                Air            100%       N/A       0%          3
 Airstrike                Air            73%        2d(11-27) 0%          4
 Brom's Barrelling Bould  Conj/Erth      100%       2d11      0%          4
 Flame Wave               Conj/Fire      100%       2d21      0%          4
 Freeze                   Ice            100%       1d10      1%          1
 Necrotise                Necr           100%       1d9       1%          1
 Slow                     Hex            100%       N/A       1%          1
 Summon Small Mammal      Summ           100%       N/A       1%          1
 Call Imp                 Summ           100%       N/A       1%          2
 Ensorcelled Hibernation  Hex/Ice        100%       N/A       1%          2
 Jinxbite                 Hex            100%       N/A       1%          2
 Lesser Beckoning         Tloc           100%       N/A       1%          2
 Sublimation of Blood     Necr           91%        N/A       1%          2
 Call Canine Familiar     Summ           74%        N/A       1%          3
 Confusing Touch          Hex            67%        N/A       1%          3
 Frozen Ramparts          Ice            100%       1d16      1%          3
 Fugue of the Fallen      Necr           91%        N/A       1%          3
 Gell's Gravitas          Tloc           74%        N/A       1%          3
 Inner Flame              Hex/Fire       100%       N/A       1%          3
 Ozocubu's Armour         Ice            82%        N/A       1%          3
 Sigil of Binding         Hex            67%        N/A       1%          3
 Summon Ice Beast         Ice/Summ       78%        N/A       1%          3
 Teleport Other           Tloc           74%        N/A       1%          3
 Tukima's Dance           Hex            67%        N/A       1%          3
 Vampiric Draining        Necr           91%        2d12      1%          3
 Volatile Blastmotes      Fire/Tloc      100%       2d18      1%          3
 Anguish                  Hex/Necr       40%        N/A       1%          4
 Animate Armour           Summ/Erth      100%       N/A       1%          4
 Animate Dead             Necr           91%        N/A       1%          4
 Cause Fear               Hex            33%        N/A       1%          4
 Dimensional Bullseye     Hex/Tloc       35%        N/A       1%          4
 Fulminant Prism          Conj/Alch      62%        3d26      1%          4
 Ignite Poison            Fire/Alch      100%       N/A       1%          4
 Iskenderun's Mystic Bla  Conj/Tloc      100%       2d19      1%          4
 Manifold Assault         Tloc           74%        N/A       1%          4
 Martyr's Knell           Necr/Summ      83%        N/A       1%          4
 Olgreb's Toxic Radiance  Alch           91%        N/A       1%          4
 Passage of Golubria      Tloc           74%        N/A       1%          4
 Petrify                  Alch/Erth      100%       N/A       1%          4
 Sticky Flame             Fire/Alch      100%       2d15      1%          4
 Summon Blazeheart Golem  Fire/Summ      100%       N/A       1%          4
 Vhi's Electric Charge    Tloc/Air       100%       N/A       1%          4
 Arcjolt                  Conj/Air       73%        1d83      0%          5
 Fireball                 Conj/Fire      70%        3d26      0%          5
 Iskenderun's Battlesphe  Conj           100%       2d15      0%          5
 Lee's Rapid Deconstruct  Erth           73%        3d33*     0%          5
 Conjure Ball Lightning   Conj/Air       73%        3x3d27    0%          6
 Alistair's Intoxication  Alch           60%        N/A       1%          5
 Borgnjor's Vile Clutch   Necr/Erth      62%        N/A       1%          5
 Curse of Agony           Necr           91%        N/A       1%          5
 Irradiate                Conj/Alch      62%        3d32      1%          5
 Yara's Violent Unravell  Hex/Alch       40%        3d16      1%          5
 Starburst                Conj/Fire      70%        6d18      1%          6
 Spellforged Servitor     Conj/Summ      59%        N/A       1%          7
 Lehudib's Crystal Spear  Conj/Erth      73%        10d17     1%          8
 Maxwell's Capacitive Co  Air            73%        ∞         1%          8
 Metabolic Englaciation   Hex/Ice        37%        N/A       2%          5
 Summon Forest            Summ/Tloc      37%        N/A       3%          5
 Summon Mana Viper        Hex/Summ       70%        N/A       3%          5
 Death Channel            Necr           45%        N/A       4%          6
 Eringya's Noxious Bog    Alch           45%        4d6       4%          6
 Sculpt Simulacrum        Ice/Alch       43%        N/A       7%          6
 Fire Storm               Conj/Fire      70%        8d18      12%         9
 Dispersal                Tloc           37%        N/A       16%         6
 Summon Cactus Giant      Summ           37%        N/A       16%         6
 Haunt                    Necr/Summ      41%        N/A       43%         7
 Ozocubu's Refrigeration  Ice            41%        4d16      45%         7
 Malign Gateway           Summ/Tloc      37%        N/A       63%         7
 Summon Hydra             Summ           37%        N/A       63%         7
 Enfeeble                 Hex            33%        N/A       77%         7
 Borgnjor's Revivificati  Necr           45%        N/A       87%         8
 Summon Horrible Things   Summ           37%        N/A       99%         8
 Discord                  Hex            33%        N/A       100%        8
 Dragon's Call            Summ           37%        N/A       100%        9
 Polar Vortex             Ice            41%        12d5*     100%        9


Dungeon Overview and Level Annotations

Branches:
Dungeon (15/15)            Temple (1/1) D:5            Lair (5/5) D:11
 Shoals (4/4) Lair:3       Spider (4/4) Lair:2        Slime (5/5) Lair:5
    Orc (2/2) D:11            Elf (3/3) Orc:2        Vaults (5/5) D:13
  Crypt (3/3) Vaults:3       Tomb (3/3) Crypt:3      Depths (4/4) D:15
   Hell (visited)             Dis (7/7) Hell            Geh (7/7) Hell
    Coc (7/7) Hell            Tar (7/7) Hell            Zot (5/5) Depths:4
 WizLab (visited)         Gauntlet (visited)

Altars:
Ashenzari
Cheibriados
Dithmenos
Elyvilon
Fedhas
Gozag
Hepliaklqana
Kikubaaqudgha
Makhleb
Nemelex Xobeh
Okawaru
Qazlal
Ru
Sif Muna
Trog
Uskayaw
Vehumet
Wu Jian
Xom
Yredelemnul
Zin
The Shining One
Jiyva

Shops:
D:6 [*   D:7 :   D:9 (*:?*   Orc:2 [:*!**   Elf:1 =((?*   Elf:2 *   Shoals:2 *
Vaults:4 =   Depths:1 =:=

Portals:
Hell: Depths:1 Depths:2 Depths:3 Depths:4
Abyss: Depths:3
Pandemonium: Depths:2

Annotations:
Zot:5 6 transporters


Innate Abilities, Weirdness & Mutations

You are an undying horror.
Your melee and unarmed attacks drain, slow and weaken victims.
You are immune to unholy pain and torment.
You cannot drink.
Your serpentine skin is tough. (AC +9)
You have supernaturally acute eyesight. (SInv)
Armour fits poorly on your strangely shaped body.
Your system is resistant to poisons. (rPois)
You cover ground very slowly.
You can spit poison.
You can use your snake-like lower body to constrict enemies.


Message History

The Hell Sentinel is lightly wounded.
You constrict the Hell Sentinel, but do no damage.
You slice the Hell Sentinel!!
The Hell Sentinel decays.
The Hell Sentinel is moderately wounded.
You constrict the Hell Sentinel.
You block the Hell Sentinel's attack. x2
You hit the Hell Sentinel but do no damage.
The Hell Sentinel is moderately wounded.
You constrict the Hell Sentinel! You hit the Hell Sentinel.
The Hell Sentinel decays.
The Hell Sentinel is moderately wounded.
You constrict the Hell Sentinel.
The Hell Sentinel hits you but does no damage.
You block the Hell Sentinel's attack.
You hit the Hell Sentinel but do no damage.
The Hell Sentinel is moderately wounded.
You constrict the Hell Sentinel! You hit the Hell Sentinel.
The Hell Sentinel decays.
The Hell Sentinel is heavily wounded.
You constrict the Hell Sentinel! The Hell Sentinel gestures at you.
The iron shot misses you.
You slice the Hell Sentinel!!
The Hell Sentinel decays.
The Hell Sentinel is severely wounded.
You constrict the Hell Sentinel.
You hit the Hell Sentinel but do no damage.
The Hell Sentinel is severely wounded.
You constrict the Hell Sentinel, but do no damage.
You block the Hell Sentinel's attack. x2
You slice the Hell Sentinel!!
The Hell Sentinel decays.
The Hell Sentinel is almost dead.
You constrict the Hell Sentinel! You slash the Hell Sentinel!
The Hell Sentinel decays.
The Hell Sentinel is almost dead.
You constrict the Hell Sentinel!
You kill the Hell Sentinel!
Cheibriados appreciates the change of pace.
You feel your dexterity returning.
No target in view!
There is a staircase leading out of the dungeon here.
You have escaped!

##...............#
##.....#..........# ###
##.....###.........# #..
##.....#####.....##.####.#
##.....#.....#.....#.##...#
##.....###...###.........###
####.....#####.#####......#....
#.......#...........#..........
#......###....z....###....)####
#.....#####.......#####....#
#....#.....#.....#.....#...####
#...###...###...###...###.....#
##.#####.#####.#####.#####....#
####.................(...........
...###).)........................
....#................#..........>
.....)...............#########.#.


There were no monsters in sight!

Vanquished Creatures
  Cerebov (Pan)
  Antaeus (Coc:7)
  the Royal Jelly (Slime:5)
  Asmodeus (Geh:7)
  Gloorx Vloq (Pan)
  Ereshkigal (Tar:7)
  Mnoleg (Pan)
  Lom Lobon (Pan)
  the Serpent of Hell (Dis:7)
  A seraph (Pan)
  6 dread liches
  Dispater (Dis:7)
  Mara (Shoals:4)
  9 orbs of fire
  11 pandemonium lords
  10 ancient liches
  Mennas (Pan)
  3 juggernauts (Dis:7)
  31 royal mummies
  Boris (Tomb:3)
  8 shard shrikes
  6 Killer Klowns
  Margery (Crypt:1)
  A curse toe (Crypt:3)
  25 caustic shrikes
  Geryon (Hell)
  12 golden dragons
  22 bone dragons
  Jory (Depths:4)
  Nikola (Shoals:4)
  22 profane servitors
  4 electric golems
  8 iron giants
  14 Tzitzimimeh
  Arachne (Spider:4)
  8 doom hounds
  17 Brimstone Fiends
  14 hellephants
  A spectral shard shrike (Tar:6)
  Zenata (Vaults:1)
  25 tentacled monstrosities
  28 Ice Fiends
  13 liches
  Jorgrun (D:15)
  14 Hell Sentinels
  Mlioglotl (Spider:4)
  Rupert (D:13)
  A quicksilver dragon (shapeshifter) (Zig:11)
  9 quicksilver dragons
  13 titans
  41 searing wretches
  2 deep elf blademasters (Elf:3)
  25 Orb Guardians (Zot:5)
  29 tainted leviathans
  The ghost of Decrayps the Ninja, a veteran FeEn of Elyvilon (Zot:5)
  16 acid blobs
  6 deep elf master archers
  16 sphinxes
  A kraken (Shoals:3)
  14 Executioners
  Polyphemus (Shoals:2)
  Frances (Shoals:2)
  30 ancient champions
  2 tentacled starspawn (Zig:12)
  Aizul (Vaults:1)
  24 storm dragons
  12 death cobs
  Gastronok (D:11)
  12 tengu reavers
  5 shadow dragons
  Donald (Spider:2)
  13 rockslimes
  5 fenstrider witches
  7 azure jellies
  19 fire giants
  5 demonspawn warmongers
  12 protean progenitors
  A revenant (Crypt:2)
  A frost giant (shapeshifter) (Zig:11)
  3 daevas
  3 draconian scorchers
  12 quicksilver elementals
  6 deep elf sorcerers
  20 narguns
  6 draconian shifters
  16 draconian monks
  7 emperor scorpions
  12 draconian knights
  2 deep elf elementalists (Elf:3)
  11 iron dragons
  3 spectral caustic shrikes
  14 vault wardens
  23 reapers
  11 frost giants
  The ghost of Juaf the Carver, a journeyman DsGl of Makhleb (D:15)
  15 ghost moths
  49 balrugs
  3 curse skulls
  5 draconian stormcallers
  4 ghouls (Crypt:1)
  6 orc warlords
  A caustic shrike zombie (Hell)
  16 shard shrike simulacra
  16 cacodemons
  3 spriggan defenders
  A ghost moth (shapeshifter) (Zig:9)
  30 very ugly things
  5 caustic shrike skeletons (Pan)
  14 ironbound preservers
  2 demonspawn corrupters
  2 ironbound thunderhulks
  2 broodmothers
  7 draconian annihilators
  14 angels
  3 juggernaut skeletons
  8 green draconians
  12 quicksilver oozes
  3 demonspawn blood saints
  5 stone giants
  An eleionoma (Zig:8)
  A vampire knight (Crypt:1)
  26 elemental wellsprings
  2 apis (Pan)
  7 lorocyprocas
  6 formless jellyfish
  7 deep elf demonologists
  7 ophanim (Pan)
  14 red draconians
  12 black draconians
  16 bennus
  19 wendigos
  6 dire elephants
  7 minotaurs
  27 putrid mouths
  3 demonspawn black suns
  11 yellow draconians
  Azrael (D:12)
  A bunyip (Zig:9)
  8 deep elf death magi
  41 war gargoyles
  15 blizzard demons
  9 spark wasps
  9 purple draconians
  6 deep elf annihilators
  9 eidola
  7 white draconians
  A spectral quicksilver dragon (Tar:5)
  6 merfolk javelineers
  2 crystal guardians (Vaults:3)
  18 entropy weavers
  6 merfolk impalers
  19 fire dragons
  24 mummy priests
  5 green deaths
  21 iron golems
  3 jiangshi (Crypt:1)
  A quicksilver dragon zombie (Hell)
  3 spectral krakens (Tar:7)
  A kraken zombie (Hell)
  6 deep elf high priests
  Harold (D:10)
  A fire dragon (shapeshifter) (Zig:1)
  12 ettins
  8 yaktaur captains
  4 rakshasas
  2 shambling mangroves
  15 ice dragons
  3 peacekeepers
  16 caustic shrike simulacra
  A spectral spriggan (Tar:7)
  A spectral shadow dragon (Tar:1)
  A ghost crab (Gauntlet)
  9 great orbs of eyes
  11 salamander tyrants
  A fenstrider witch zombie (Crypt:2)
  33 vault guards
  5 catoblepae
  12 hydras
  2 fenstrider witch skeletons
  2 ogre magi
  3 radroaches
  3 spriggan skeletons
  5 ironbound frosthearts
  6 juggernaut simulacra
  A bennu zombie (Crypt:1)
  9 jorogumos
  8 spriggan air magi
  13 boulder beetles
  4 merfolk avatars
  19 centaur warriors
  An Orb Guardian skeleton (Crypt:1)
  2 hell beasts
  An Orb Guardian zombie (Crypt:1)
  A spectral stone giant (Tar:3)
  13 stokers
  2 death knights
  A two-headed ogre (shapeshifter) (Zig:9)
  2 alligator snapping turtles (Shoals:4)
  3 anacondas (Zot:3)
  5 merfolk aquamancers
  12 satyrs
  36 dancing weapons
  18 death yaks
  3 deep troll shamans
  45 hell hogs
  3 naga sharpshooters (Depths:2)
  23 death scarabs
  A naga warrior (D:15)
  7 two-headed ogres
  2 spriggan berserkers
  6 tengu warriors
  3 thrashing horrors (Zig:12)
  9 deep troll earth magi
  2 occultists
  8 vampire magi
  5 orc high priests
  2 spectral nagas
  Urug (Lair:2)
  20 soul eaters
  2 shock serpents (shapeshifter) (Vaults:5)
  10 deep elf knights
  17 demonic crawlers
  A spectral dire elephant (Tar:1)
  A shock serpent (Depths:2)
  42 skeletal warriors
  3 shadow wraiths
  4 iron trolls
  14 hell knights
  8 crystal echidnas
  11 sixfirhies (Pan)
  2 wretched stars
  A storm dragon zombie (Depths:1)
  Amaemon (Lair:2)
  3 goliath frogs
  6 pharaoh ants
  60 sun demons
  2 hellephant skeletons (Pan)
  3 spriggan druids
  6 skysharks
  An iron troll (shapeshifter) (Zig:11)
  A salamander mystic (Zig:7)
  48 deep trolls
  18 shadow demons
  A skyshark (shapeshifter) (Vaults:5)
  An obsidian statue (Zig:3)
  8 cherubim (Pan)
  10 quicksilver dragon simulacra
  8 sea snakes
  10 glowing orange brains
  A death drake (Zot:3)
  A spectral iron dragon (Tar:1)
  11 sun moths
  6 phantasmal warriors
  15 arcanists
  A golden dragon zombie (Depths:3)
  A spriggan simulacrum (Coc:2)
  A mana viper (shapeshifter) (Vaults:5)
  26 harpies
  A swamp dragon (Zig:8)
  6 mana vipers (WizLab)
  2 golden dragon skeletons
  5 flayed ghosts
  14 orb spiders
  2 bog bodies
  9 deep elf archers
  4 anaconda skeletons
  6 steelbarb worms
  15 ironbound convokers
  8 lindwurms
  11 orc knights
  An iron giant skeleton (Crypt:2)
  22 necromancers
  14 large abominations
  2 orange crystal statues (Zig:3)
  32 deep elf zephyrmancers
  22 wolf spiders
  A sphinx simulacrum (Depths:3)
  2 will-o-the-wisps (Zig:9)
  A faun (shapeshifter) (Depths:4)
  A spectral ettin (Tar:4)
  46 ugly things
  3 shining eyes
  A frost giant zombie (Depths:1)
  7 orc sorcerers
  2 iron dragon zombies
  29 deep elf pyromancers
  An oklob plant (Lair:2)
  27 manticores
  10 cyclopes
  2 manticores (shapeshifter)
  A centaur zombie (Crypt:2)
  An alligator skeleton (Hell)
  11 merfolk sirens
  20 fauns
  9 kobold blastminers
  A naga zombie (Hell)
  41 moths of wrath
  11 elephants
  5 torpor snails
  4 titan simulacra
  2 guardian serpents (Pan)
  2 rust devils (Pan)
  7 water nymphs
  9 black mambas
  20 vault sentinels
  7 spectral swamp worms (Tar:7)
  Joseph (D:8)
  2 gargoyles
  15 meliai
  18 smoke demons
  A frost giant skeleton (Zig:1)
  A guardian serpent (shapeshifter) (Vaults:5)
  2 eyes of devastation
  3 ice statues
  4 apocalypse crabs
  A dire elephant skeleton (Tomb:1)
  An alligator snapping turtle zombie (Crypt:2)
  2 cane toads (shapeshifter)
  9 orange demons
  2 naga skeletons
  9 freezing wraiths
  10 cane toads
  11 efreet
  12 rime drakes
  12 komodo dragons
  22 tormentors
  13 hellions
  A komodo dragon (shapeshifter) (Vaults:5)
  2 bunyip simulacra (Coc:2)
  4 tengu conjurers
  A yaktaur (shapeshifter) (D:12)
  A golden dragon simulacrum (Coc:1)
  An ice devil (Zot:2)
  4 anaconda simulacra
  A kobold demonologist (D:12)
  An ancient zyme (Zig:12)
  17 yaktaurs
  4 sea snake zombies (Hell)
  9 red devils
  3 iron giant simulacra
  45 guardian mummies
  A hydra zombie (Hell)
  A minotaur skeleton (Crypt:2)
  2 silent spectres
  2 spectral harpies
  11 trolls
  10 wind drakes
  A harpy zombie (Hell)
  A queen bee (Depths:2)
  A bloated husk (Zig:9)
  33 merfolk
  14 polar bears
  14 hornets
  A hydra skeleton (Hell)
  7 hellwings (Pan)
  A tyrant leech (Zig:9)
  8 glass eyes
  3 harpy skeletons
  12 raiju
  18 blink frogs
  An ettin zombie (Crypt:3)
  30 tarantellas
  A dream sheep (shapeshifter) (Vaults:5)
  24 dream sheep
  A spriggan zombie (Depths:1)
  94 slime creatures
  9 snapping turtles
  6 iron dragon simulacra
  15 ynoxinuls
  A merfolk zombie (Hell)
  2 stone giant simulacra
  51 jumping spiders
  An air elemental (Elf:2)
  21 culicivoras
  2 shadows (D:11)
  18 water elementals
  6 spriggans
  3 wyverns
  3 dire elephant simulacra
  30 small abominations (Abyss:5)
  11 wraiths
  A spriggan (shapeshifter) (Vaults:5)
  69 yaks
  19 ushabtiu
  7 basilisks
  18 humans (D:13)
  A warg (shapeshifter) (Zig:9)
  3 black mamba skeletons (Crypt:3)
  6 starcursed masses (Zig:12)
  10 wargs
  9 golden eyes
  27 neqoxecs
  7 fire elementals
  62 redbacks
  6 steam dragons
  7 vampire mosquitoes
  A redback (shapeshifter) (Zig:9)
  26 harpy simulacra
  A demonspawn zombie (Crypt:3)
  15 chaos spawn
  A swamp worm (shapeshifter) (Depths:4)
  6 hydra simulacra
  2 acid dragons
  8 water moccasins
  3 glowing shapeshifter zombies
  21 hell hounds
  60 orc warriors
  2 sky beasts
  A swamp drake (Zig:8)
  A black bear (shapeshifter) (Vaults:5)
  13 black bears
  6 ice beasts
  11 ettin simulacra
  An ice dragon simulacrum (Coc:1)
  A snapping turtle zombie (Crypt:3)
  36 laughing skulls
  22 centaurs
  An ogre (shapeshifter) (Zig:9)
  14 ogres
  29 wolves
  4 boggarts (Vaults:1)
  A dream sheep skeleton (Crypt:3)
  A komodo dragon zombie (Crypt:2)
  4 kobold brigands
  A vine stalker zombie (Crypt:1)
  2 weeping skulls (Abyss:5)
  10 bullfrogs
  A necrophage (Crypt:2)
  2 scorpions (D:6)
  7 earth elementals
  9 wights
  A raiju zombie (Crypt:2)
  5 killer bees (D:8)
  A howler monkey (D:11)
  A raiju skeleton (Crypt:1)
  3 bombardier beetles
  4 crimson imps (Depths:1)
  3 jellies
  A quasit (Abyss:3)
  14 orc priests
  7 hounds
  A gnoll bouda (D:7)
  Jessica (D:2)
  3 centaur skeletons
  A basilisk skeleton (Crypt:2)
  3 iguanas
  17 orc wizards
  7 hell rats (Lair:4)
  A scorpion zombie (Crypt:2)
  A killer bee zombie (Crypt:3)
  A crocodile zombie (Crypt:3)
  A sky beast zombie (Crypt:1)
  A hound skeleton (Crypt:2)
  47 mummies
  20 gnolls
  A swamp drake zombie (Crypt:2)
  6 adders
  A shadow imp (D:5)
  4 ufetubi
  3 dart slugs
  2 ribbon worms
  111 orcs
  7 ball pythons
  9 endoplasms
  9 giant cockroaches
  11 hobgoblins
  11 jackals (D:4)
  19 kobolds
  A quokka (D:3)
  10 bats
  3 frilled lizards (D:1)
  7 goblins
  An orc skeleton (Crypt:1)
  6 rats
  A rat skeleton (Crypt:3)
  A river rat skeleton (Crypt:3)
  8 aspiring fleshes
  10 creeping infernos
  8 fire vortices
  2 starspawn tentacles (Zig:12)
  12 tentacles
4407 creatures vanquished.

Vanquished Creatures (collateral kills)
  A Head Instructor (WizLab)
  A demonspawn blood saint (Zig:6)
  A cyclops (D:10)
  An elephant (Lair:2)
  A kobold demonologist (D:11)
  A troll (D:10)
  A water moccasin (D:8)
  A ribbon worm (D:2)
8 creatures vanquished.

Vanquished Creatures (others)
  3 eldritch tentacles (Pan)
  2 draconian knights
  A fire giant (Geh:1)
  A shard shrike simulacrum (Coc:3)
  A demonspawn blood saint (Pan)
  A red draconian (Zot:3)
  A stoker (Hell)
  A quicksilver dragon simulacrum (Coc:3)
  A shadow demon (Depths:2)
  A deep elf zephyrmancer (Elf:3)
  A deep elf pyromancer (Elf:2)
  A manticore (Shoals:2)
  An orange demon (Lair:2)
  A smoke demon (Pan)
  A hellion (Geh:1)
  A golden dragon simulacrum (Coc:7)
  2 ynoxinuls (Pan)
  2 slime creatures (D:15)
  A yak (Lair:2)
  A vampire mosquito (D:10)
  A laughing skull (Abyss:5)
  A kobold zombie (Crypt:2)
  6 ball lightnings (Pan)
  A creeping inferno (Geh:3)
  5 fire vortices
  32 foxfires
  11 tentacles
82 creatures vanquished.

Grand Total: 4497 creatures vanquished

Notes
Turn   | Place    | Note
-------+----------+-------------------------------------------
     0 | D:1      | bottledwater03 the Naga Hedge Wizard began the quest for
                  | the Orb.
     0 | D:1      | Reached XP level 1. HP: 15/15 MP: 4/4
   195 | D:1      | Reached XP level 2. HP: 19/22 MP: 6/6
   202 | D:1      | Learned a level 2 spell: Call Imp
   651 | D:1      | Reached XP level 3. HP: 28/28 MP: 2/8
   655 | D:1      | Learned a level 3 spell: Mephitic Cloud
   858 | D:1      | Found a faded altar of an unknown god.
   892 | D:1      | Learned a level 2 spell: Blink
  1457 | D:2      | Reached XP level 4. HP: 15/36 MP: 0/10
  1554 | D:2      | Reached skill level 1 in Alchemy
  1580 | D:2      | Noticed Jessica
  2000 | D:2      | Killed Jessica
  2001 | D:2      | Reached skill level 1 in Air Magic
  2038 | D:2      | Learned a level 1 spell: Foxfire
  2327 | D:2      | Identified the +2 pair of boots of the Devil's Advocate
                  | {-Cast Rampage rF- Regen+}
  2416 | D:2      | Reached XP level 5. HP: 37/42 MP: 8/11
  3242 | D:4      | Noticed an ogre
  3259 | D:4      | Killed an ogre
  3260 | D:4      | Reached XP level 6. HP: 19/49 MP: 3/12
  3577 | D:4      | Learned a level 2 spell: Searing Ray
  4099 | D:4      | Reached skill level 1 in Shapeshifting
  4099 | D:4      | Reached XP level 7. HP: 56/56 MP: 8/13
  4183 | D:4      | Reached skill level 1 in Fighting
  5007 | D:4      | Reached skill level 5 in Stealth
  5349 | D:5      | Entered Level 5 of the Dungeon
  5366 | D:4      | Reached skill level 5 in Spellcasting
  5386 | D:5      | Reached XP level 8. HP: 56/67 MP: 10/15
  5836 | D:5      | Found a staircase to the Ecumenical Temple.
  5846 | Temple   | Entered the Ecumenical Temple
  5868 | Temple   | Became a worshipper of Cheibriados the Contemplative
  5900 | D:5      | Found a sparkling altar of Nemelex Xobeh.
  6478 | D:6      | Found Woqukhlutt's Antique Armour Emporium.
  6722 | D:6      | Found Tyemialy's Neck Hole.
  6733 | D:6      | Bought an amulet of magic regeneration for 360 gold pieces
  6818 | D:6      | Reached * piety under Cheibriados
  6961 | D:6      | Found an ornate altar of the Wu Jian Council.
  7001 | D:6      | Reached XP level 9. HP: 63/73 MP: 18/21
  7573 | D:7      | Found Teello Cau's Book Shop.
  7587 | D:7      | Reached skill level 1 in Fire Magic
  7713 | D:7      | Reached ** piety under Cheibriados
  8096 | D:8      | Noticed a cyclops
  8703 | D:8      | Reached XP level 10. HP: 84/84 MP: 23/23
  8806 | D:8      | Reached *** piety under Cheibriados
  9167 | D:8      | Noticed Joseph
  9180 | D:8      | Killed Joseph
  9356 | D:9      | Found Gelit's General Store.
  9612 | D:9      | Reached skill level 10 in Spellcasting
  9619 | D:9      | Learned a level 6 spell: Plasma Beam
  9775 | D:9      | Found Ufetoet's Magic Scroll Shoppe.
  9783 | D:9      | Bought a scroll of teleportation for 33 gold pieces
  9783 | D:9      | Bought a scroll of teleportation for 33 gold pieces
  9807 | D:9      | Reached skill level 5 in Air Magic
  9934 | D:9      | Bought a potion of lignification for 45 gold pieces
  9963 | D:9      | Reached **** piety under Cheibriados
  9988 | D:9      | Found Ytoyck's Book Shop.
 10022 | D:9      | Found an iron altar of Okawaru.
 10172 | D:9      | Found Penuwei's Weapon Emporium.
 10232 | D:9      | Found a shadowy altar of Dithmenos.
 10278 | D:9      | Found Gujyaca's General Store.
 10348 | D:10     | Entered Level 10 of the Dungeon
 10415 | D:10     | Found a blossoming altar of Fedhas.
 10634 | D:10     | Noticed a cyclops
 10757 | D:10     | Reached skill level 5 in Fire Magic
 10759 | D:10     | Killed a cyclops
 10791 | D:10     | Reached XP level 11. HP: 60/92 MP: 25/25
 10917 | D:10     | Noticed Harold
 10986 | D:10     | Killed Harold
 11032 | D:10     | Found a hide-covered altar of Uskayaw.
 11095 | D:11     | Noticed a boulder beetle
 11117 | D:10     | Learned a level 3 spell: Summon Ice Beast
 11272 | D:11     | Noticed a purple ugly thing
 11337 | D:11     | Found a staircase to the Lair.
 11381 | D:11     | Found a staircase to the Orcish Mines.
 11385 | D:11     | Noticed a two-headed ogre
 11396 | D:11     | Killed a two-headed ogre
 11664 | D:11     | Learned a level 4 spell: Dispel Undead
 11772 | D:11     | Reached skill level 1 in Necromancy
 11844 | D:11     | Killed a purple ugly thing
 11869 | D:11     | Noticed Gastronok
 11985 | D:8      | Killed a cyclops
 12123 | Lair:1   | Entered Level 1 of the Lair of Beasts
 12143 | Lair:1   | Reached XP level 12. HP: 99/99 MP: 3/26
 12220 | Lair:1   | Found a gate leading to a gauntlet.
 12228 | Gauntlet | Entered a Gauntlet
 12228 | Gauntlet | Found a transporter.
 12231 | Gauntlet | Found a transporter.
 12233 | Gauntlet | Found a transporter.
 12253 | Gauntlet | Found a transporter.
 12270 | Gauntlet | Found a transporter.
 12273 | Gauntlet | Found a transporter.
 12276 | Gauntlet | Noticed a hell beast
 12278 | Gauntlet | Found the ring of the Hare {EV+10}
 12285 | Gauntlet | Found a transporter.
 12293 | Gauntlet | Found a runed translucent door.
 12297 | Gauntlet | Found a transporter.
 12297 | Gauntlet | Noticed a catoblepas
 12306 | Gauntlet | Found a transporter.
 12306 | Gauntlet | Noticed a blizzard demon
 12342 | Gauntlet | Found a transporter.
 12344 | Gauntlet | Noticed a ghost crab
 12359 | Gauntlet | Found a transporter.
 12365 | Gauntlet | Found a transporter.
 12564 | Gauntlet | Found a transporter.
 12600 | Gauntlet | Killed a ghost crab
 12622 | Gauntlet | Identified the +0 fire dragon scales of Fokiohumn {rElec
                  | rF++ rC- Regen+ Str+3}
 12622 | Gauntlet | Noticed a minotaur
 12660 | Gauntlet | Killed a minotaur
 12689 | Gauntlet | Found the +3 giant club "Skullcrusher" {speed, Str+7}
 12696 | Gauntlet | Identified the +7 spear of Qazlal, Destroying {vamp, rPois
                  | rF++}
 12770 | Lair:1   | Reached skill level 1 in Throwing
 13397 | Lair:2   | Reached skill level 1 in Polearms
 13405 | Lair:2   | Noticed Urug
 13444 | Lair:2   | Killed Urug
 13553 | Lair:2   | Found a hole to the Spider Nest.
 13556 | Lair:2   | Reached ***** piety under Cheibriados
 13575 | Lair:2   | Found an opulent altar of Gozag.
 13616 | Lair:2   | Reached skill level 5 in Fighting
 13616 | Lair:2   | Reached skill level 10 in Air Magic
 13616 | Lair:2   | Gained mutation: You can use your snake-like lower body to
                  | constrict enemies. [Naga growth]
 13616 | Lair:2   | Reached XP level 13. HP: 81/109 MP: 19/29
 13661 | Lair:2   | Noticed Amaemon
 13688 | Lair:2   | Killed Amaemon
 14496 | Lair:2   | Reached skill level 5 in Conjurations
 14550 | Lair:3   | Learned a level 6 spell: Starburst
 14557 | Lair:3   | Learned a level 6 spell: Bombard
 14956 | Lair:3   | Reached skill level 1 in Earth Magic
 15257 | Lair:3   | Found a staircase to the Shoals.
 16407 | Lair:4   | Reached XP level 14. HP: 114/120 MP: 17/31
 16439 | Lair:4   | Reached skill level 5 in Invocations
 16806 | D:9      | Bought a Trismegistus Codex for 420 gold pieces
 16900 | D:6      | Bought a tower shield for 99 gold pieces
 17670 | D:11     | Killed Gastronok
 17715 | D:12     | Reached skill level 1 in Shields
 17741 | D:11     | Learned a level 5 spell: Freezing Cloud
 18054 | D:12     | Reached ****** piety under Cheibriados
 18205 | D:12     | Noticed Azrael
 18217 | D:12     | Killed Azrael
 18244 | D:12     | Noticed a sphinx
 18247 | D:12     | Killed a sphinx
 18248 | D:12     | Reached skill level 15 in Spellcasting
 18686 | D:12     | Reached skill level 10 in Stealth
 18939 | Lair:5   | Entered Level 5 of the Lair of Beasts
 19335 | Lair:5   | Reached XP level 15. HP: 126/126 MP: 30/34
 19631 | Lair:5   | Found a staircase to the Slime Pits.
 19632 | Lair:5   | Found a viscous altar of Jiyva.
 19976 | Lair:5   | Reached skill level 10 in Fire Magic
 20273 | Lair:5   | Reached skill level 5 in Earth Magic
 20660 | Orc:1    | Entered Level 1 of the Orcish Mines
 20847 | Orc:2    | Entered Level 2 of the Orcish Mines
 20847 | Orc:2    | Found Ehuygoet's General Store.
 21127 | Orc:2    | Found Fenur's Overcharged Wands.
 21618 | Orc:2    | Found a staircase to the Elven Halls.
 21876 | Orc:2    | Reached XP level 16. HP: 133/133 MP: 21/36
 22024 | Orc:2    | Found Xiteklei's General Store.
 22024 | Orc:2    | Found Jusesony's Book Emporium.
 22026 | Orc:2    | Found Nyes's Antique Armour Shoppe.
 22028 | Orc:2    | Found Giusyeca's Distillery.
 22035 | Orc:2    | Bought a glowing buckler for 135 gold pieces
 22050 | Orc:2    | Bought a runed robe for 66 gold pieces
 22645 | Spider:1 | Entered Level 1 of the Spider Nest
 22719 | Spider:1 | Reached skill level 10 in Conjurations
 24264 | Spider:1 | Reached skill level 5 in Dodging
 24781 | Spider:2 | Noticed Donald
 24782 | Spider:2 | Reached skill level 5 in Shields
 24783 | Spider:2 | Killed Donald
 26220 | Spider:3 | Reached XP level 17. HP: 142/142 MP: 20/37
 26471 | Spider:3 | Identified the +1 buckler "Farony" {MP+9 Str+4 Dex+2}
 27198 | Spider:3 | Paralysed by a jorogumo for 3 turns
 27880 | D:13     | Found a gate to the Vaults.
 28211 | D:13     | Noticed Rupert
 29073 | D:14     | Identified the +1 ring mail "Azoxunku" {rF+ Str+3}
 29466 | D:15     | Entered Level 15 of the Dungeon
 29669 | D:15     | Found a staircase to the Depths.
 29798 | D:15     | Found a runed translucent gate.
 29798 | D:15     | Found a runed translucent gate.
 29798 | D:15     | Found a runed translucent gate.
 29799 | D:15     | Found an iron altar of Okawaru.
 29799 | D:15     | Noticed Juaf's ghost (journeyman DsGl)
 29811 | D:15     | Killed Juaf's ghost
 29822 | D:15     | Identified the +0 helmet "Dejes Rem" {Rampage Dex+4}
 29907 | D:15     | Reached XP level 18. HP: 121/154 MP: 11/38
 29985 | D:15     | Noticed Jorgrun
 29989 | D:15     | Killed Jorgrun
 30333 | D:15     | Reached skill level 10 in Shields
 30873 | Shoals:1 | Entered Level 1 of the Shoals
 31042 | Shoals:1 | Identified a scroll of acquirement
 31054 | Shoals:1 | Acquired a +1 demon trident of electrocution
 31288 | D:9      | Bought a scroll of brand weapon for 104 gold pieces
 31383 | D:13     | Killed Rupert
 32554 | Shoals:2 | Noticed Polyphemus
 32739 | Shoals:2 | Reached skill level 10 in Fighting
 33281 | Shoals:2 | Found Dech's Assorted Antiques.
 33310 | Shoals:2 | You fall into a shaft and drop 1 floor!
 34118 | Shoals:2 | Killed Polyphemus
 35909 | Shoals:4 | Entered Level 4 of the Shoals
 35955 | Shoals:4 | Reached XP level 19. HP: 152/170 MP: 21/39
 36046 | Shoals:4 | Reached skill level 10 in Earth Magic
 36470 | Shoals:2 | Noticed Frances
 36482 | Shoals:2 | Killed Frances
 37052 | Shoals:4 | Noticed Nikola
 37290 | Spider:4 | Entered Level 4 of the Spider Nest
 37453 | Spider:4 | Noticed Mlioglotl
 37634 | Spider:4 | Reached skill level 10 in Invocations
 38358 | Spider:4 | Noticed Arachne
 38374 | Spider:4 | Killed Arachne
 38630 | Spider:4 | Killed Mlioglotl
 39686 | Spider:4 | Got a gossamer rune of Zot
 40269 | Depths:1 | Entered Level 1 of the Depths
 40276 | Depths:1 | Reached XP level 20. HP: 182/182 MP: 24/41
 40476 | Depths:1 | Found a shimmering altar of Xom.
 40622 | Depths:1 | Found a gateway to Hell.
 42100 | Depths:1 | Found Nouk's Jewellery Shop.
 42100 | Depths:1 | Found Ececkeru's Book Shoppe.
 42101 | Depths:1 | Found Utoxir's Jewellery Shop.
 42111 | Depths:1 | Bought a ring of protection from cold for 375 gold pieces
 43039 | Depths:1 | Found a one-way gateway to a ziggurat.
 43336 | Depths:2 | Found a magical portal.
 43343 | WizLab   | Entered Yara's Duelist Academy
 43691 | WizLab   | Learned a level 5 spell: Silence
 43693 | WizLab   | Noticed Inaedwem
 43750 | WizLab   | Identified the +10 demon whip of Delicate Watchfulness
                  | {antimagic, rN+}
 43959 | WizLab   | Found the +5 demon whip "Spellbinder" {antimagic, disrupt,
                  | Will+}
 44559 | WizLab   | Learned a level 4 spell: Ignite Poison
 44564 | WizLab   | Learned a level 4 spell: Leda's Liquefaction
 44677 | WizLab   | Killed Inaedwem the Head Instructor
 44743 | WizLab   | Got Yara's Almanac of Jinxing
 45731 | Depths:2 | Reached skill level 15 in Shields
 46044 | Depths:2 | Found a sparkling altar of Nemelex Xobeh.
 46254 | Depths:2 | Found a one-way gate leading to the halls of Pandemonium.
 46269 | Depths:2 | Reached XP level 21. HP: 172/194 MP: 17/42
 46475 | Depths:2 | Noticed a golden dragon
 47339 | Depths:2 | Killed a golden dragon
 48213 | Shoals:4 | Killed Nikola
 48214 | Shoals:4 | Reached skill level 15 in Stealth
 48379 | Shoals:4 | Noticed Mara
 48387 | Shoals:4 | Noticed bottledwater03's illusion
 48389 | Shoals:4 | Killed Mara
 49025 | Shoals:4 | Got the Octavo of Doomed Chemistry
 49027 | Shoals:4 | Identified the +0 dagger "Dineora" {chaos, *Rage Will+
                  | SInv}
 49065 | Shoals:4 | Got a barnacled rune of Zot
 49328 | Elf:1    | Entered Level 1 of the Elven Halls
 49668 | Elf:1    | Found Gisih's Magic Scroll Shoppe.
 49749 | Elf:1    | Bought a scroll of teleportation for 42 gold pieces
 49755 | Elf:1    | Found Jaetredd's General Store.
 49755 | Elf:1    | Found Liacs's Jewellery Shoppe.
 49756 | Elf:1    | Found Ovvis's Antique Weapon Emporium.
 49758 | Elf:1    | Found Dabik's Antique Weapon Shoppe.
 49769 | Elf:1    | Bought the ring of the Mage {Wiz Archmagi} for 765 gold
                  | pieces
 49769 | Elf:1    | Found the ring of the Mage {Wiz Archmagi}
 49883 | Elf:1    | Found a portal to a secret trove of treasure.
 50594 | Elf:2    | Reached skill level 15 in Fighting
 50639 | Elf:2    | Paralysed by an air elemental for 1 turns
 51175 | Elf:2    | Found Yqiagon's General Store.
 51184 | Elf:2    | Bought a potion of heal wounds for 55 gold pieces
 51287 | Elf:2    | Found a runed translucent gate.
 51287 | Elf:2    | Found a runed translucent gate.
 51288 | Elf:2    | Found a runed translucent gate.
 51419 | Elf:2    | Bought a scroll of amnesia for 44 gold pieces
 51947 | Elf:2    | Reached XP level 22. HP: 149/202 MP: 30/43
 52169 | Elf:3    | Entered Level 3 of the Elven Halls
 52236 | Elf:3    | Reached skill level 1 in Maces & Flails
 52733 | Elf:2    | Found a shimmering blue altar of Sif Muna.
 53015 | Elf:3    | Reached skill level 5 in Maces & Flails
 53342 | Elf:3    | Identified the +3 rapier "Vehat" {freeze, Dex+3}
 53455 | Elf:3    | Identified the +6 sling "Panuoh" {flame, rN+ Will+ Int+4}
 53463 | Elf:3    | Identified the +0 ring mail of the Blue Skies {*Slow rF+
                  | Int+4}
 53501 | Elf:3    | Identified the +1 plate armour of Activism {rPois Will+}
 53509 | Elf:3    | Identified the +7 battleaxe of Drought {spect, rElec rPois
                  | Dex+3}
 53512 | Elf:3    | Identified the ring "Fupir" {+Blink rF+ rC+ rN+ rCorr}
 53527 | Elf:3    | Found the +3 greatsling "Punk" {acid, rCorr}
 53529 | Elf:3    | Identified the ring "Cuazeih" {MP+9 Stlth+}
 53539 | Elf:3    | Identified the +11 broad axe "Yriuts" {vamp, rElec rF++}
 53544 | Elf:3    | Identified the +6 short sword of the Curious Servitors
                  | {venom, rPois}
 53578 | Elf:3    | Got the Compendium of the Dislocated Charnel House
 54556 | Depths:3 | Found a one-way gate to the infinite horrors of the Abyss.
 54950 | Depths:3 | Noticed a golden dragon
 54960 | Depths:3 | Killed a golden dragon
 55651 | Depths:4 | Entered Level 4 of the Depths
 55685 | Depths:4 | Noticed a golden dragon
 55695 | Depths:4 | Killed a golden dragon
 56332 | Depths:4 | Noticed a golden dragon
 56340 | Depths:4 | Killed a golden dragon
 56860 | Elf:1    | You paid a toll of +2 gold dragon scales to enter a
                  | treasure trove
 56861 | Trove    | Entered a treasure trove
 56919 | Trove    | Identified the +10 morningstar of Impeachment {elec,
                  | *Corrode rElec rPois}
 56938 | Trove    | Found the +5 scythe "Finisher" {speed, execute}
 56941 | Trove    | Identified the +6 hand cannon "Lusaolid" {penet, Str+2}
 56944 | Trove    | Identified the +0 flail of Tinec {flame, Will- Int+2 Dex+2}
 56951 | Trove    | Found the +7 sceptre of Torment {pain, torment}
 56953 | Trove    | Identified the +0 falchion "Riduasunn" {freeze, Stlth+}
 57001 | Elf:1    | Learned a level 8 spell: Ignition
 57668 | Depths:4 | Reached skill level 5 in Shapeshifting
 57803 | Depths:4 | Noticed Jory
 57827 | Depths:4 | Reached XP level 23. HP: 130/217 MP: 18/45
 57981 | Depths:4 | Found a gate to the Realm of Zot.
 57988 | Depths:4 | Killed Jory
 58284 | Vaults:1 | Entered Level 1 of the Vaults
 58705 | Vaults:1 | Noticed Zenata
 58712 | Vaults:1 | Killed Zenata
 59044 | Vaults:1 | Identified the serpent talisman "Jyereghe" {rF- Will+ rCorr
                  | Dex+4}
 59044 | Vaults:1 | Noticed Aizul
 59054 | Vaults:1 | Killed Aizul
 59825 | Vaults:2 | Found a flickering gateway to a bazaar.
 59857 | Bazaar   | Entered a bazaar
 59864 | Bazaar   | Found Nesoelo's Book Boutique.
 59884 | Bazaar   | Found Sutikh's Weapon Boutique.
 59884 | Bazaar   | Found Huocas's Book Boutique.
 59912 | Bazaar   | Found Davvesen's Weapon Shop.
 59986 | Bazaar   | Bought a book of Annihilations for 900 gold pieces
 60212 | Vaults:2 | Noticed an ancient lich
 60230 | Vaults:2 | Killed an ancient lich
 60289 | Vaults:2 | Identified the +3 leather armour "Ytuneah" {Int+5}
 60686 | Vaults:2 | Reached skill level 10 in Shapeshifting
 61304 | Vaults:2 | Paralysed by a formless jellyfish for 1 turns
 61807 | Vaults:3 | Reached skill level 15 in Fire Magic
 62025 | Vaults:3 | Reached XP level 24. HP: 221/226 MP: 45/45
 62848 | Vaults:3 | Found a staircase to the Crypt.
 63549 | Vaults:4 | Found Rucood's Jewellery Emporium.
 64007 | Vaults:5 | Entered Level 5 of the Vaults
 64339 | Slime:1  | Entered Level 1 of the Pits of Slime
 64355 | Slime:1  | Reached skill level 15 in Shapeshifting
 64462 | Slime:1  | Paralysed by a formless jellyfish for 1 turns
 66265 | Slime:5  | Entered Level 5 of the Pits of Slime
 66594 | Slime:5  | Reached XP level 25. HP: 234/234 MP: 45/45
 66950 | Slime:5  | Noticed the Royal Jelly
 66960 | Slime:5  | Killed the Royal Jelly
 67302 | Slime:5  | Identified the staff of Dishonesty {rElec rF+++ Str-3
                  | Stlth+ Tloc Air}
 67320 | Slime:5  | Identified the ring of the Kappa {rF+ Str+2}
 67347 | Slime:5  | Identified the +6 chain mail of Enin {rPois rF- rN++
                  | Regen+}
 67385 | Slime:5  | Identified the +5 trident "Myaddaco" {pain, rN+ Will++
                  | Str+3 Dex-4}
 67393 | Slime:5  | Identified the ring of the Good {*Slow +Blink rC- rN+ MP+9}
 67422 | Slime:5  | Identified the +13 plate armour of Ongian {rF- rN++ SInv}
 67470 | Slime:5  | Identified the staff of Kuwnouz {rElec rC+ Str+3 Air}
 67471 | Slime:5  | Identified the +3 flail "Death Rattle" {vamp, rF+ Int+3}
 67486 | Slime:5  | Got a slimy rune of Zot
 67964 | Crypt:1  | Entered Level 1 of the Crypt
 69200 | Crypt:2  | Noticed Margery
 69213 | Crypt:1  | Killed Margery
 69987 | Crypt:3  | Entered Level 3 of the Crypt
 70158 | Crypt:3  | Found a staircase to the Tomb.
 71254 | Crypt:3  | Identified the +3 leather armour of the End {*Corrode Str+6
                  | Int+8}
 71262 | Crypt:3  | Identified the +1 falchion of Demonkind {chaos, Str+4
                  | Int+6}
 71268 | Crypt:3  | Got Syicon's Directory of the Mausoleum
 71306 | Tomb:1   | Entered Level 1 of the Tomb of the Ancients
 71888 | Tomb:1   | Noticed a royal mummy
 71896 | Tomb:1   | Killed a royal mummy
 71897 | Tomb:1   | Reached XP level 26. HP: 141/242 MP: 9/45
 71951 | Tomb:1   | Noticed a royal mummy
 71959 | Tomb:1   | Killed a royal mummy
 72695 | Zot:1    | Entered Level 1 of the Realm of Zot
 74199 | Zot:1    | Found a stormy altar of Qazlal.
 74199 | Zot:1    | Noticed an ancient lich
 74209 | Zot:1    | Killed an ancient lich
 74894 | Zot:2    | Noticed an orb of fire
 74908 | Zot:2    | Identified the +9 great sword of Pride {vamp, *Slow rElec
                  | rPois Str+4}
 74916 | Zot:2    | Noticed an orb of fire
 75268 | D:7      | Bought a book of the Spheres for 960 gold pieces
 75344 | D:9      | Bought a scroll of fear for 44 gold pieces
 75344 | D:9      | Bought a scroll of summoning for 104 gold pieces
 75344 | D:9      | Bought a scroll of fear for 44 gold pieces
 75451 | Orc:2    | Bought a potion of heal wounds for 65 gold pieces
 75451 | Orc:2    | Bought a potion of brilliance for 52 gold pieces
 75451 | Orc:2    | Bought a potion of curing for 39 gold pieces
 75451 | Orc:2    | Bought a potion of curing for 39 gold pieces
 75451 | Orc:2    | Bought a potion of brilliance for 52 gold pieces
 75454 | Orc:2    | Bought a potion of might for 52 gold pieces
 75454 | Orc:2    | Bought a potion of might for 52 gold pieces
 75454 | Orc:2    | Bought a potion of invisibility for 104 gold pieces
 75456 | Orc:2    | Bought a potion of curing for 42 gold pieces
 75456 | Orc:2    | Bought a potion of might for 56 gold pieces
 75543 | Elf:1    | Bought a potion of brilliance for 48 gold pieces
 75746 | Shoals:2 | Bought a scroll of blinking for 172 gold pieces
 75754 | Shoals:2 | Learned a level 7 spell: Orb of Destruction
 76059 | Zot:2    | Killed an orb of fire
 76159 | Zot:2    | Killed an orb of fire
 76271 | Zot:2    | Reached XP level 27. HP: 240/249 MP: 45/45
 77244 | Zot:3    | Identified the +2 pair of gloves "Bentuh" {+Blink Int+2}
 78022 | Zot:3    | Identified the ring "Ybbu" {rC+ SInv}
 78059 | Zot:3    | Identified the +2 pair of gloves of Isulioff {Harm Dex+3}
 79452 | Depths:3 | Voluntarily entered the Abyss.
 79457 | Abyss:1  | Found a corrupted altar of Lugonu.
 79569 | Abyss:5  | Got an abyssal rune of Zot
 79658 | Abyss:5  | Found a corrupted altar of Lugonu.
 79683 | Depths:3 | Escaped the Abyss
 80062 | Vaults:5 | Identified the ring of Ajuocaw {rPois rCorr Int-2 Dex+6}
 80155 | Vaults:5 | Noticed an ancient lich
 80158 | Vaults:5 | Identified the staff of Kikubaaqudgha's Esteem {rElec rF+
                  | Str+4 Int+3 Fire}
 80201 | Vaults:5 | Killed an ancient lich
 80444 | Vaults:5 | Got a silver rune of Zot
 80461 | Vaults:5 | Identified the ring of the Madman {rF+ rC+ Will+ MP+9
                  | Stlth-}
 80516 | Vaults:5 | Identified the +2 leather armour of Beogh's Delight {Int+3}
 80547 | Vaults:5 | Noticed an ancient lich
 80555 | Vaults:5 | Killed an ancient lich
 80635 | Vaults:5 | Noticed a dread lich
 80647 | Vaults:5 | Killed a dread lich
 80895 | Vaults:5 | Identified the +0 fire dragon scales of the Rhinotaur
                  | {rPois rF++ rC- Dex+3}
 81421 | Vaults:5 | Reached skill level 15 in Conjurations
 81744 | Tomb:2   | Noticed a royal mummy
 81745 | Tomb:2   | Noticed a royal mummy
 81746 | Tomb:2   | Noticed a royal mummy
 81746 | Tomb:2   | Noticed a royal mummy
 81750 | Tomb:2   | Killed a royal mummy
 82220 | Hell     | Entered the Vestibule of Hell
 82220 | Hell     | Noticed Geryon
 82288 | Zig:1    | Entered Level 1 of a ziggurat
 82312 | Zig:2    | Entered Level 2 of a ziggurat
 82338 | Zig:3    | Entered Level 3 of a ziggurat
 82404 | Zig:4    | Entered Level 4 of a ziggurat
 82407 | Zig:4    | Noticed an ancient lich
 82412 | Zig:4    | Killed an ancient lich
 82462 | Zig:4    | Identified the +2 ring mail of Wu Jian's Reproof {+Blink}
 82472 | Zig:5    | Entered Level 5 of a ziggurat
 82476 | Zig:5    | Noticed a royal mummy
 82480 | Zig:5    | Killed a royal mummy
 82494 | Zig:5    | Identified the +4 scimitar of the Eggplant {freeze, Will+
                  | rCorr Str+2}
 82495 | Zig:5    | Identified the +4 quarterstaff of Kismet {freeze, Will+
                  | Int+2}
 82498 | Zig:5    | Identified the +6 short sword of Famine {flame, rN+}
 82501 | Zig:6    | Entered Level 6 of a ziggurat
 82508 | Zig:6    | Noticed Jiochef the pandemonium lord
 82534 | Zig:6    | Killed Jiochef the pandemonium lord
 82564 | Zig:6    | Learned a level 9 spell: Chain Lightning
 82600 | Zig:7    | Entered Level 7 of a ziggurat
 82648 | Zig:7    | Identified the +0 longbow of Demonkind {drain, Stlth+}
 82659 | Zig:8    | Entered Level 8 of a ziggurat
 82704 | Zig:9    | Entered Level 9 of a ziggurat
 82715 | Zig:9    | Reached skill level 15 in Air Magic
 82744 | Zig:10   | Entered Level 10 of a ziggurat
 82753 | Zig:10   | Found the +3 pair of seven-league boots {Rampage+∞}
 82802 | Zig:10   | Got Mialidenk's Vademecum on Akashic Esoterica
 82808 | Zig:10   | Identified the +5 bardiche "Huageduw" {heavy, *Corrode
                  | ^Fragile Int+4 Dex+6}
 82817 | Zig:11   | Entered Level 11 of a ziggurat
 82826 | Zig:11   | Noticed Vuupret the pandemonium lord
 82827 | Zig:11   | Noticed Effore the pandemonium lord
 82827 | Zig:11   | Noticed Danweakitz the pandemonium lord
 82828 | Zig:11   | Killed Danweakitz the pandemonium lord
 82828 | Zig:11   | Noticed Ziun the pandemonium lord
 82829 | Zig:11   | Killed Ziun the pandemonium lord
 82829 | Zig:11   | Killed Effore the pandemonium lord
 82840 | Zig:11   | Killed Vuupret the pandemonium lord
 82889 | Zig:12   | Entered Level 12 of a ziggurat
 82943 | Zig:12   | Identified the +1 battleaxe of Uskayaw's Hope {flame,
                  | ^Drain rPois Int+3}
 82948 | Zig:12   | Identified the amulet "Hig For" {Faith rC+ rN+ Will+
                  | Stlth+}
 82957 | Zig:12   | Identified the +1 chain mail of Moqeddau {rElec Int-5
                  | Slay+5}
 82959 | Zig:12   | Identified the +1 ring mail of Kousupra {Fly rC+ Int+2
                  | Dex-4}
 82966 | Zig:12   | Identified the +5 dire flail of Uhimmeedde {freeze, rF+
                  | Will+ Str+3 Int+2}
 83402 | Hell     | Killed Geryon
 83651 | Hell     | Found a gateway to the Iron City of Dis.
 83710 | Hell     | Found a gateway to the ashen valley of Gehenna.
 83735 | Hell     | Found a gateway to the decaying netherworld of Tartarus.
 83804 | Hell     | Found a gateway to the freezing wastes of Cocytus.
 83909 | Coc:1    | Entered Level 1 of Cocytus
 85052 | Coc:5    | Noticed a dread lich
 85055 | Coc:5    | Killed a dread lich
 85510 | Coc:7    | Entered Level 7 of Cocytus
 85552 | Coc:7    | Paralysed by a wendigo for 1 turns
 85784 | Coc:7    | Paralysed by a wendigo for 1 turns
 85789 | Coc:7    | Paralysed by a wendigo for 1 turns
 85884 | Coc:7    | Identified the ring "Dizxioh" {Ice rElec Int-4 Slay+3}
 85888 | Coc:7    | Identified the +1 glaive of Destiny {holy, rPois}
 85995 | Coc:7    | Paralysed by a wendigo for 1 turns
 86040 | Coc:7    | Noticed Antaeus
 86047 | Coc:7    | Paralysed by a wendigo for 1 turns
 86062 | Coc:7    | Paralysed by a wendigo for 1 turns
 86599 | Coc:7    | Killed Antaeus
 86618 | Coc:7    | Got an icy rune of Zot
 87145 | Tomb:2   | Reached skill level 5 in Axes
 87149 | Tomb:2   | Killed a royal mummy
 87171 | Tomb:2   | Killed a royal mummy
 87270 | Tomb:2   | Killed a royal mummy
 87424 | Tomb:1   | Noticed a royal mummy
 87424 | Tomb:1   | Noticed a royal mummy
 87432 | Tomb:1   | Noticed a royal mummy
 87432 | Tomb:1   | Noticed a royal mummy
 87433 | Tomb:1   | Killed a royal mummy
 87435 | Tomb:1   | Killed a royal mummy
 87435 | Tomb:1   | Killed a royal mummy
 87436 | Tomb:1   | Killed a royal mummy
 87514 | Tomb:1   | Noticed a royal mummy
 87526 | Tomb:1   | Killed a royal mummy
 87527 | Tomb:1   | Reached skill level 10 in Axes
 87541 | Tomb:1   | Noticed a royal mummy
 87544 | Tomb:1   | Noticed a royal mummy
 87548 | Tomb:1   | Killed a royal mummy
 87551 | Tomb:1   | Killed a royal mummy
 87557 | Tomb:1   | Noticed a royal mummy
 87562 | Tomb:1   | Noticed a royal mummy
 87564 | Tomb:1   | Killed a royal mummy
 87570 | Tomb:1   | Noticed a royal mummy
 87574 | Tomb:1   | Killed a royal mummy
 87578 | Tomb:1   | Killed a royal mummy
 87665 | Tomb:1   | Noticed a royal mummy
 87677 | Tomb:1   | Killed a royal mummy
 87686 | Tomb:1   | Noticed a royal mummy
 87698 | Tomb:1   | Killed a royal mummy
 87728 | Tomb:1   | Noticed a royal mummy
 87739 | Tomb:1   | Noticed a royal mummy
 87740 | Tomb:1   | Killed a royal mummy
 87749 | Tomb:1   | Killed a royal mummy
 87810 | Tomb:1   | Noticed a royal mummy
 87821 | Tomb:1   | Killed a royal mummy
 88421 | Geh:1    | Entered Level 1 of Gehenna
 89219 | Geh:3    | Noticed an ancient lich
 89226 | Geh:3    | Killed an ancient lich
 90134 | Geh:6    | Noticed a dread lich
 90153 | Geh:6    | Killed a dread lich
 90294 | Geh:7    | Entered Level 7 of Gehenna
 91585 | Geh:7    | Found the +13 sceptre of Asmodeus
 91585 | Geh:7    | Noticed Asmodeus
 91607 | Geh:7    | Killed Asmodeus
 91622 | Geh:7    | Got an obsidian rune of Zot
 92459 | Tomb:3   | Entered Level 3 of the Tomb of the Ancients
 92518 | Tomb:3   | Noticed a royal mummy
 92524 | Tomb:3   | Killed a royal mummy
 92531 | Tomb:3   | Noticed a royal mummy
 92537 | Tomb:3   | Noticed a royal mummy
 92540 | Tomb:3   | Killed a royal mummy
 92550 | Tomb:2   | Killed a royal mummy
 92595 | Tomb:3   | Noticed a royal mummy
 92603 | Tomb:3   | Killed a royal mummy
 92606 | Tomb:3   | Noticed Boris
 92609 | Tomb:3   | Killed Boris
 92696 | Tomb:3   | Noticed a royal mummy
 92704 | Tomb:3   | Killed a royal mummy
 92706 | Tomb:3   | Noticed a royal mummy
 92712 | Tomb:3   | Noticed a royal mummy
 92717 | Tomb:3   | Killed a royal mummy
 92721 | Tomb:3   | Killed a royal mummy
 92774 | Tomb:3   | Learned a level 9 spell: Shatter
 92965 | Tomb:3   | Noticed a royal mummy
 92970 | Tomb:3   | Killed a royal mummy
 92974 | Tomb:3   | Identified the +0 plate armour "Xeggah" {rPois}
 92982 | Tomb:3   | Noticed a royal mummy
 92989 | Tomb:3   | Killed a royal mummy
 93048 | Tomb:3   | Found the necklace of Bloodlust {Fury *Rage Will++ Int-3
                  | Slay+6}
 93063 | Tomb:3   | Identified the +3 buckler of Vehumet's Whim {rElec Will+}
 93087 | Tomb:3   | Identified the amulet of Understanding {Spirit rElec rPois
                  | rN+ Slay-2}
 93090 | Tomb:3   | Identified the +4 sling "Coghug" {heavy, ^Fragile Will++
                  | Dex+3}
 93120 | Tomb:3   | Identified the +3 mace of the Common Good {venom, Dex+4}
 93122 | Tomb:3   | Identified the +2 shortbow "Qodillam" {heavy, rPois rF+}
 93270 | Tomb:3   | Got a golden rune of Zot
 93765 | Dis:1    | Entered Level 1 of the Iron City of Dis
 94522 | Dis:3    | You fall into a shaft and drop 1 floor!
 95072 | Dis:5    | Reached skill level 15 in Earth Magic
 95620 | Zig:1    | Entered Level 1 of a ziggurat
 95639 | Zig:2    | Entered Level 2 of a ziggurat
 95666 | Zig:3    | Entered Level 3 of a ziggurat
 95709 | Zig:4    | Entered Level 4 of a ziggurat
 95737 | Zig:5    | Entered Level 5 of a ziggurat
 95767 | Zig:6    | Entered Level 6 of a ziggurat
 95808 | Zig:7    | Entered Level 7 of a ziggurat
 95827 | Zig:7    | Identified the ring "Puczug" {Str+6 Int-4 Dex+6}
 95839 | Zig:8    | Entered Level 8 of a ziggurat
 95859 | Zig:8    | Found the +8 frozen axe "Frostbite" {freeze, freezing
                  | cloud, *Noise Fly rC+}
 95881 | Zig:8    | Identified the staff of the Lair of Beasts {Str+4 Dex-4
                  | Stlth+ Earth}
 95886 | Zig:8    | Got Sif Muna's Guide on the Birds and Illusion
 95889 | Zig:9    | Entered Level 9 of a ziggurat
 95898 | Zig:9    | Noticed Ciurph the pandemonium lord
 95905 | Zig:9    | Killed Ciurph the pandemonium lord
 96082 | Zig:9    | Identified the staff of Otonoit {rElec Stlth+ Air}
 96085 | Zig:9    | Identified the +7 falchion of the Nexus {flame, *Slow
                  | Dex+5}
 96092 | Zig:9    | Identified the +6 great mace of Distraction {flame, rC+
                  | Int+2}
 96107 | Zig:10   | Entered Level 10 of a ziggurat
 96116 | Zig:10   | Found the brooch of Shielding {Spirit SH+8}
 96214 | Zig:10   | Identified the +5 mace "Tun Orio" {holy, rC+ Int+3}
 96216 | Zig:10   | Identified the +1 shortbow "Ereugity" {speed, ^Drain Fly
                  | Int-5 Dex+7}
 96232 | Zig:11   | Entered Level 11 of a ziggurat
 96337 | Zig:11   | Identified the ring of the Mackerel {*Slow rPois rC++
                  | rCorr}
 96366 | Zig:12   | Entered Level 12 of a ziggurat
 96376 | Zig:12   | Found the +10 morningstar "Eos" {elec, Halo rElec}
 96420 | Zig:12   | Got the Guidebook on Frore Violence
 96440 | Zig:12   | Identified the staff of Destiny {rPois rCorr Alchemy}
 96441 | Zig:12   | Identified the +4 whip "Zuiwn" {flame, rC+ Will+}
 96765 | Dis:7    | Entered Level 7 of the Iron City of Dis
 97552 | Dis:7    | Noticed a juggernaut
 97573 | Dis:7    | Killed a juggernaut
 98192 | Dis:7    | Noticed the Serpent of Hell
 98496 | Dis:7    | Noticed a juggernaut
 98496 | Dis:7    | Noticed a juggernaut
 98505 | Dis:7    | Killed a juggernaut
 98505 | Dis:7    | Killed a juggernaut
 99361 | Dis:7    | Identified the ring "Miugonur" {rElec rPois}
 99361 | Dis:7    | Noticed Dispater
 99677 | Dis:7    | Identified the +7 war axe of Truth {speed, rC+ rN+ Will++
                  | Dex-5}
100004 | Dis:7    | Killed Dispater
100084 | Dis:7    | Got an iron rune of Zot
100339 | Dis:7    | Killed the Serpent of Hell
100455 | Pan      | Entered Pandemonium
100458 | Pan      | Noticed Mennas
100460 | Pan      | Killed Mennas
100524 | Pan      | Noticed Ivuoneshu the pandemonium lord
100542 | Pan      | Killed Ivuoneshu the pandemonium lord
100543 | Pan      | Reached skill level 15 in Axes
100543 | Pan      | Reached skill level 10 in Dodging
100929 | Pan      | Noticed Wuasa the pandemonium lord
100952 | Pan      | Killed Wuasa the pandemonium lord
101116 | Pan      | Noticed Buqeoh the pandemonium lord
101124 | Pan      | Killed Buqeoh the pandemonium lord
101198 | Pan      | Entered the realm of Lom Lobon.
101381 | Pan      | Noticed Lom Lobon
101391 | Pan      | Killed Lom Lobon
101406 | Pan      | Got a magical rune of Zot
101610 | Pan      | Entered the realm of Mnoleg.
101646 | Pan      | Noticed Mnoleg
102127 | Pan      | Got a glowing rune of Zot
102158 | Pan      | Killed Mnoleg
102304 | Pan      | Found an exit through the horrors of the Abyss.
102367 | Pan      | Entered the realm of Gloorx Vloq.
102456 | Pan      | Noticed Gloorx Vloq
102551 | Pan      | Learned a level 1 spell: Apportation
102559 | Pan      | Killed Gloorx Vloq
102587 | Pan      | Got a dark rune of Zot
102682 | Pan      | Entered the realm of Cerebov.
102682 | Pan      | Found an exit through the horrors of the Abyss.
102886 | Pan      | Identified the staff "Uneit" {rElec rPois rF+ rN+ SInv Air}
102895 | Pan      | Identified the ring "Toudargh" {^Drain Str+2 Int+2 Slay+2
                  | SInv}
102955 | Pan      | Found the +6 sword of Cerebov {flame}
102955 | Pan      | Noticed Cerebov
103271 | Pan      | Identified the +4 chain mail "Ecregi" {rPois Str+3}
103578 | Pan      | Killed Cerebov
103629 | Pan      | Got a fiery rune of Zot
103739 | Pan      | Found a huge runed translucent gate.
103740 | Pan      | Found a huge runed translucent gate.
103741 | Pan      | Found a huge runed translucent gate.
103742 | Pan      | Found a huge runed translucent gate.
103939 | Pan      | Noticed Jotirph Ilie the pandemonium lord
103942 | Pan      | Killed Jotirph Ilie the pandemonium lord
103965 | Pan      | Identified the +9 quarterstaff of Xaplim {drain, rPois}
104046 | Pan      | Found a glowing golden altar of the Shining One.
104046 | Pan      | Noticed a seraph
104051 | Pan      | Killed a seraph
104088 | Pan      | Got a demonic rune of Zot
104093 | Pan      | Identified the +5 dagger "Zusis" {heavy, rN+ Int+3 Dex-2}
104310 | Depths:2 | Escaped Pandemonium
104397 | Tar:1    | Entered Level 1 of Tartarus
105004 | Tar:6    | Noticed a dread lich
105004 | Tar:6    | Noticed a dread lich
105004 | Tar:6    | Noticed a dread lich
105004 | Tar:6    | Noticed an ancient lich
105004 | Tar:6    | Noticed an ancient lich
105006 | Tar:6    | Killed a dread lich
105007 | Tar:6    | Killed an ancient lich
105007 | Tar:6    | Killed a dread lich
105008 | Tar:6    | Killed a dread lich
105009 | Tar:6    | Killed an ancient lich
105191 | Tar:7    | Entered Level 7 of Tartarus
106603 | Tar:7    | Identified the staff "Waorel" {rF+ Dex+3 Fire Earth}
107059 | Tar:7    | Noticed Ereshkigal
107573 | Tar:7    | Paralysed by Ereshkigal for 5 turns
107586 | Tar:7    | Killed Ereshkigal
107643 | Tar:7    | Identified the +1 leather armour "Iwakk" {Will+}
107648 | Tar:7    | Got a bone rune of Zot
107652 | Tar:7    | Identified the +6 orcbow of the Original Sin {drain, rElec
                  | rPois rF+ Stlth-}
107654 | Tar:7    | Identified the +1 pair of boots "Quciymue" {rF+ rC+ rN+}
108000 | Zot:5    | Entered Level 5 of the Realm of Zot
108037 | Zot:5    | Found a runed translucent door.
108039 | Zot:5    | Found a shimmering altar of Xom.
108039 | Zot:5    | Noticed Decrayps's ghost (veteran FeEn)
108046 | Zot:5    | Killed Decrayps's ghost
108106 | Zot:5    | Found a transporter.
108107 | Zot:5    | Found a transporter.
108115 | Zot:5    | Found a transporter.
108119 | Zot:5    | Found a transporter.
108191 | Zot:5    | Found a transporter.
108192 | Zot:5    | Found a transporter.
108343 | Zot:5    | Noticed an orb of fire
108571 | Zot:5    | Noticed an orb of fire
108602 | Zot:5    | Killed an orb of fire
108616 | Zot:5    | Noticed an orb of fire
108647 | Zot:5    | Killed an orb of fire
108667 | Zot:5    | Noticed an orb of fire
108679 | Zot:5    | Killed an orb of fire
108681 | Zot:5    | Killed an orb of fire
108813 | Zot:5    | Noticed an ancient lich
108831 | Zot:5    | Killed an ancient lich
108853 | Zot:5    | Noticed an ancient lich
108863 | Zot:5    | Killed an ancient lich
108876 | Zot:5    | Noticed an orb of fire
108879 | Zot:5    | Killed an orb of fire
108964 | Zot:5    | Noticed an orb of fire
108969 | Zot:5    | Killed an orb of fire
108971 | Zot:5    | Noticed an orb of fire
108989 | Zot:5    | Killed an orb of fire
109495 | Zot:5    | Got the Orb of Zot
109572 | Zot:2    | Noticed Ange the pandemonium lord
109584 | Zot:2    | Killed Ange the pandemonium lord
110071 | D:$      | Escaped with the Orb!

Illustrated notes

Levels and vault maps discovered:
D:1:      onia_arrival_pyramid, layout_rooms,
          shapermc_ecumenical_altar_starsandcircs,
          chequers_serial_rivers_large_b, minmay_split_cup_large
D:2:      cheibrodos_helix_gallery, layout_basic, uniq_jessica
D:3:      layout_rooms, nicolae_titane
D:4:      lemuel_castle_with_subvaults [lemuel_castle_interior_original],
          layout_rooms, chequers_garden
D:5:      dreamdust_elfheim, layout_basic, lemuel_crystal_altar,
          minmay_temple_entry_slanted
D:6:      layout_rooms, kennysheep_little_box, serial_shops, shop,
          nicolae_shop_sticking_my_neck_out
D:7:      layout_rooms, serial_shops, nicolae_shop_gibbet_a_chance
D:8:      layout_basic, uniq_joseph
D:9:      layout_gridville, mainiacjoe_overflow_concentric_impassable,
          lemuel_doored_altar, serial_shops, nicolae_shop_waterfront, shop,
          shop, shop, shop, minivault_4
D:10:     layout_cave_pools, general_overflow_altar, lemuel_round_altar,
          kennysheep_cross_room, uniq_harold
D:11:     layout_basic, hellmonk_lair_entry_icy, uniq_gastronok
D:12:     nicolae_aperiodic_l_corner, layout_rooms, kennysheep_generic_room_11,
          uniq_azrael
D:13:     layout_roguey, grunt_vaults_entry_tiered, uniq_rupert
D:14:     layout_basic, minmay_misc_feat_alley
D:15:     hangedman_depths_entry_try_elsewhere_first, layout_stronghold,
          gammafunk_ghost_fury_of_okawaru, argonaut_gorgonesque, uniq_jorgrun
Temple:   kb_temple_of_zot
Lair:1:   layout_big_grid, gauntlet_entry_generic,
          hangedman_lair_unloving_vines, grunt_megastairs_2
Lair:2:   layout_gridlike, spider_nest_entry_rubble,
          nicolae_volcano_entry_vermiform, lemuel_oklob_altar, uniq_urug,
          uniq_amaemon
Lair:3:   layout_cave_pods, elwin_shoals_entry_rocks, grunt_megastairs_5
Lair:4:   layout_long_grid, st_stairs_5
Lair:5:   hangedman_lair_in_review, layout_misc_corridors,
          hangedman_lair_caniforms_friends, slime_entry_1
Shoals:1: layout_shoals, nicolae_shoals_drake_roost
Shoals:2: layout_shoals, serial_shops, nicolae_shop_tiny_real_fake_doors,
          uniq_frances, uniq_polyphemus
Shoals:3: layout_shoals, nicolae_shoals_former_cling_halls
Shoals:4: shoals_end_hellmonk_lost_city, uniq_nikola, uniq_mara
Spider:1: nicolae_spider_jumping_over_cracks [nicolae_spider_jumping_sub_grid,
          nicolae_spider_jumping_sub_moat, nicolae_spider_jumping_sub_rim,
          nicolae_spider_jumping_sub_rim]
Spider:2: layout_spider_delve, uniq_donald
Spider:3: nicolae_spider_hilbert_zone_4 [nicolae_spider_hilbert_4_sides_2_open,
          nicolae_spider_hilbert_4_sides_1_open,
          nicolae_spider_hilbert_4_sides_1_open,
          nicolae_spider_hilbert_4_sides_1_open,
          nicolae_spider_hilbert_4_sides_1_open,
          nicolae_spider_hilbert_2_sides_1_open,
          nicolae_spider_hilbert_2_sides_1_open,
          nicolae_spider_hilbert_2_sides_1_open,
          nicolae_spider_hilbert_2_sides_1_open,
          nicolae_spider_hilbert_6_sides_1_open,
          nicolae_spider_hilbert_6_sides_1_open,
          nicolae_spider_hilbert_3_sides_1_open,
          nicolae_spider_hilbert_3_sides_1_open], nicolae_spider_circle_web,
          guppyfry_hornet_nest
Spider:4: johnstein_spider_rune_arachne_lair, uniq_mlioglotl
Slime:1:  layout_caves
Slime:2:  layout_caves
Slime:3:  layout_caves
Slime:4:  layout_caves, nicolae_slime_barrier, uniq_dissolution
Slime:5:  slime_pit_nicolae_amoeboid
Orc:1:    layout_caves
Orc:2:    st_orc_rangers, layout_diamond_mine, serial_shops, nicolae_shop_trees,
          nicolae_shop_overcharged_wands
Elf:1:    layout_gridlike, nicolae_trove_entry_free_sample, serial_shops, shop,
          minmay_elf_crystal_hexagon, minmay_shoptagon
Elf:2:    nicolae_elf_blades_splatter_lattice [infiniplex_blade_entry_pillars],
          layout_onion_city, serial_shops, nicolae_shop_rolling_square,
          lemuel_upstairs_altar
Elf:3:    minmay_elf_hall_circle, layout_loops_cross
Vaults:1: nicolae_vaults_trapezoid_lopsided_1, ontoclasm_vaults_chip,
          hangedman_vaults_slice, nicolae_vaults_tetromino_Z_2,
          nicolae_vaults_alarming, vaults_standard_mumra_lines,
          hangedman_vaults_maws, nicolae_vaults_tetromino_Z_1,
          vaults_room_corners, vaults_dpeg_diagonal, layout_vaults_omnigrid,
          uniq_aizul, uniq_zenata
Vaults:2: hangedman_vaults_impose, nicolae_vaults_bisected_exclaves,
          vaults_room_semicircle, nicolae_vaults_double_plus_2, v_pattern_2,
          nicolae_vaults_six-pack, vaults_mumra_minichess_inversion,
          nicolae_vaults_wine_cellar, nicolae_vaults_network_quinsquares
          [nicolae_vaults_network_quincunx_subvault,
          nicolae_vaults_network_quincunx_subvault,
          nicolae_vaults_network_quincunx_subvault,
          nicolae_vaults_network_quincunx_subvault], vaults_dpeg_emergency_exit,
          nicolae_vaults_you_can_take_it_with_you, vaults_room_hallway,
          layout_vaults_ring, serial_shops, bzr_in_the_mist
Vaults:3: minmay_crypt_entry_simple_walls, nicolae_vaults_storage_closets_1,
          minmay_orc_keep, nicolae_vaults_little_squares_1,
          nicolae_vaults_variable_pillar_hall, hangedman_vaults_trim,
          ontoclasm_vaults_ring_square, layout_vaults_omnicross
Vaults:4: v_misc_10, hangedman_vaults_snaps, vaults_room_door_ring, v_misc_10,
          nicolae_vaults_closet_pinwheel_4, nicolae_vaults_six-pack,
          nicolae_vaults_rhombus_6, layout_vaults_maze, serial_shops, shop
Vaults:5
Crypt:1:  layout_rooms, nicolae_crypt_grand_chamber
Crypt:2:  layout_chaotic_city, uniq_margery
Crypt:3:  david_glass_crypt, layout_misc_corridors, tomb_entry_simple_bobbens,
          nicolae_crypt_small_crypt
Tomb:1
Tomb:2
Tomb:3:   uniq_boris
Depths:1: layout_gridlike, enter_ziggurat_d, pf_coc_iceberg, led_xom_imps,
          minmay_shop_grove
Depths:2: regret_index_nemelex_summoning_deck_glade, layout_long_grid,
          mu_enter_wizlab_6, pan_entry, hell_entry,
          minmay_fractal_squares_gapless_7
Depths:3: hourglass_vault, layout_cave_shapes, hell_entry, abyss_entry,
          kennysheep_path_1
Depths:4: grunt_twist_and_shout, layout_gridville, hell_entry, uniq_jory
Hell
Dis:1:    layout_subdivisions, nicolae_dis_big_boring_drill
Dis:2:    layout_jigsaw
Dis:3:    layout_gridville
Dis:4:    layout_gridville
Dis:5:    layout_regular_city, minmay_strange_pillars
Dis:6:    layout_regular_city
Dis:7:    dis_grunt_layers
Geh:1:    layout_gehenna_pools_box, evilmike_ambush
          [evilmike_ambush_outer_corners, evilmike_ambush_inner_basic]
Geh:2:    layout_gehenna_lava_caves
Geh:3:    layout_gehenna_pools_basic, lemuel_flamethrower_2
Geh:4:    layout_gehenna_pools_box
Geh:5:    layout_gehenna_pools_triple
Geh:6:    layout_gehenna_lava_caves
Geh:7:    geh_old
Coc:1:    layout_cocytus_water_paths
Coc:2:    layout_cocytus_water_paths
Coc:3:    layout_cocytus_water_paths
Coc:4:    layout_cocytus_water_paths
Coc:5:    layout_cocytus_water_paths
Coc:6:    layout_cocytus_water_paths
Coc:7:    coc_dpeg
Tar:1:    layout_honeycomb
Tar:2:    layout_grid_maze
Tar:3:    nicolae_tar_tart_auras, layout_cathedral_of_symmetry
Tar:4:    layout_grid_maze
Tar:5:    layout_catacombs, nicolae_tar_honey_rotating
Tar:6:    layout_grid_maze, nicolae_tar_liches_on_tour
Tar:7:    tar_minmay_river
Zot:1:    regret_index_qazlal_generations, layout_onion_interference,
          st_stairs_13, grunt_ministairs_11, regret_index_zotdec_dark_gr
Zot:2:    layout_basic
Zot:3:    kennysheep_spiral_hall, layout_onion_interference,
          st_large_dragon_hoard_4
Zot:4:    layout_onion_interference
Zot:5:    layout_basic, ebering_ghost_xom, serial_nicolae_subway,
          nicolae_sub_station_crystal, nicolae_sub_station_metal,
          nicolae_sub_station_stone

Skill      XL: |  1  2  3  4  5  6  7  8  9 10 11 12 13 14 15 16 17 18 19 20 21 22 23 24 25 26 27 |
---------------+----------------------------------------------------------------------------------+-----
Spellcasting   | 4 5 8 9 10 12 13 15 16 17 18 23 | 23.8
Conjurations   | 2 3 5 6 9 10 20 | 20.0
Alchemy        | 1 3 4 |  4.0
Air Magic      | 1 2 3 4 6 8 10 20 | 20.0
Shapeshifting  | 1 2 3 4 5 10 16 19 22 23 | 23.0
Fighting       | 2 3 4 5 6 8 10 11 13 15 21 | 21.2
Dodging        | 2 3 5 7 14 | 14.3
Stealth        | 5 7 8 9 10 12 13 14 16 17 26 | 26.1
Fire Magic     | 2 5 6 7 9 10 12 15 | 15.0
Invocations    | 4 5 7 8 9 10 12 13 | 13.0
Necromancy     | 4 |  4.0
Throwing       | 2 |  2.0
Polearms       | 2 |  2.0
Earth Magic    | 2 5 7 8 9 10 20 | 20.0
Shields        | 1 6 9 10 13 15 16 26 | 26.4
Maces & Flails | 8 |  8.1
Ice Magic      | 2 |  2.3
Axes           | 18 | 18.0
Summonings     | |  1.0
Translocations | |  1.0

Action                     |  1- 3 |  4- 6 |  7- 9 | 10-12 | 13-15 | 16-18 | 19-21 | 22-24 | 25-27 || total
---------------------------+-------+-------+-------+-------+-------+-------+-------+-------+-------++-------
  Melee: Dagger            |     6 |    64 |    39 |       |       |       |       |       |       ||   109
         Spear             |     2 |    13 |       |   124 |   534 |   456 |   215 |       |       ||  1344
         Falchion          |       |       |   205 |     7 |       |       |       |       |       ||   212
         Punch             |       |       |     3 |     2 |    13 |       |       |       |       ||    18
         Halberd           |       |       |    12 |   178 |       |       |       |       |       ||   190
         Constrict         |       |       |       |       |   125 |   151 |   131 |   160 |   789 ||  1356
         Demon trident     |       |       |       |       |       |   188 |   464 |       |       ||   652
         Broad axe         |       |       |       |       |       |       |       |   793 |  5904 ||  6697
         Eveningstar       |       |       |       |       |       |       |       |   110 |    46 ||   156
         Staff             |       |       |       |       |       |       |       |       |     2 ||     2
   Fire: Hand cannon       |       |       |       |       |       |       |       |       |     1 ||     1
  Throw: Throwing net      |       |       |     2 |     1 |       |       |     2 |       |       ||     5
         Boomerang         |       |       |       |    27 |     7 |       |       |       |       ||    34
         Dart              |       |       |       |     3 |       |       |       |       |       ||     3
         Javelin           |       |       |       |       |    34 |    22 |    34 |    18 |    93 ||   201
   Cast: Magic Dart        |    88 |    69 |    63 |     4 |       |       |       |       |     1 ||   225
         Call Imp          |     1 |       |     1 |     2 |       |       |     1 |       |       ||     5
         Mephitic Cloud    |       |     9 |    52 |    78 |    42 |    30 |    14 |     6 |     3 ||   234
         Foxfire           |       |     5 |     6 |     4 |       |       |       |       |       ||    15
         Blink             |       |     1 |     5 |    10 |     7 |     5 |     6 |     3 |    25 ||    62
         Searing Ray       |       |       |    22 |     6 |       |       |       |       |       ||    28
         Plasma Beam       |       |       |       |    31 |    75 |    31 |    24 |    17 |    41 ||   219
         Summon Ice Beast  |       |       |       |     4 |       |       |     1 |       |     1 ||     6
         Dispel Undead     |       |       |       |     2 |       |     2 |       |     1 |     2 ||     7
         Starburst         |       |       |       |       |    16 |    49 |    75 |     3 |    21 ||   164
         Freezing Cloud    |       |       |       |       |   151 |   292 |   314 |   189 |   181 ||  1127
         Bombard           |       |       |       |       |     1 |    10 |    47 |    32 |   144 ||   234
         Leda's Liquefacti |       |       |       |       |       |       |     2 |     2 |     5 ||     9
         Ignite Poison     |       |       |       |       |       |       |     2 |       |       ||     2
         Silence           |       |       |       |       |       |       |     1 |       |       ||     1
         Ignition          |       |       |       |       |       |       |       |    20 |   263 ||   283
         Orb of Destructio |       |       |       |       |       |       |       |       |   157 ||   157
         Chain Lightning   |       |       |       |       |       |       |       |       |   131 ||   131
         Shatter           |       |       |       |       |       |       |       |       |    68 ||    68
 Invoke: Slouch            |       |       |       |     7 |     8 |    19 |    22 |    16 |    30 ||   102
         Step From Time    |       |       |       |       |     1 |     3 |     1 |     4 |    14 ||    23
Ability: Spit Poison       |    14 |    27 |    42 |    23 |     3 |     9 |     5 |     9 |       ||   132
         Begin Untransform |       |       |     2 |       |       |       |       |     1 |     5 ||     8
         Siphon Essence    |       |       |       |       |       |       |       |       |     7 ||     7
  Evoke: Wand              |       |       |     1 |     3 |       |     2 |     2 |     1 |    14 ||    23
         Figurine of a zig |       |       |       |       |       |       |       |       |     1 ||     1
    Use: Scroll            |     4 |     7 |     9 |     9 |    12 |    16 |    12 |    12 |    64 ||   145
         Potion            |       |       |     2 |     8 |     2 |     6 |     8 |     1 |    25 ||    52
   Stab: Confused          |       |     4 |    16 |    42 |    25 |    12 |     8 |     2 |     2 ||   111
         Sleeping          |       |     1 |     1 |     1 |     2 |     4 |     6 |    15 |    53 ||    83
         Held in net/web   |       |       |       |       |       |     2 |     1 |       |       ||     3
         Distracted        |       |       |       |       |       |       |       |       |    18 ||    18
         Petrified         |       |       |       |       |       |       |       |       |     1 ||     1
 Armour: Robe              |    24 |    48 |   206 |    71 |       |   184 |   564 |   299 |       ||  1396
         Troll leather arm |       |       |       |   209 |   526 |   466 |       |   477 |  3986 ||  5664
         Fire dragon scale |       |       |       |       |       |       |     4 |       |       ||     4
  Dodge: Dodged            |    18 |    30 |   175 |   180 |   341 |   360 |   297 |   464 |  1934 ||  3799
         Repelled          |       |       |       |       |       |       |       |    13 |   118 ||   131
  Block: Kite shield       |       |       |       |       |       |   561 |   811 |  1122 |  4758 ||  7252
         Buckler           |       |       |       |       |       |    67 |       |       |       ||    67
         Reflection        |       |       |       |       |       |    80 |    86 |    68 |   126 ||   360
         Tower shield      |       |       |       |       |       |       |       |       |  2344 ||  2344
   Form: Beast             |     1 |       |     1 |       |       |       |       |       |       ||     2
         Death             |       |       |       |       |       |       |       |     1 |     6 ||     7
